Workbook
Name CO2__tons: '[1]RGGI Input'!$N$2:$N$10000
Name Heat_Input: '[1]RGGI Input'!$R$2:$R$10000
Name Primary_Fuel: '[1]RGGI Input'!$S$2:$S$10000
Name State: '[1]RGGI Input'!$A$2:$A$10000
Name Year: '[1]RGGI Input'!$F$2:$F$10000

Sheet Old summary
A1: Summary of Market Monitoring Report Statistics
A2: The Herfindahl-Hirschman Index (“HHI”) is a standard measure of concentration calculated by squaring
A3: each entity’s share and then summing the squares across all entities (hence, the index ranges from 0 to 10,000).
D5: Ratio of | E5: Allowance Prices | H5: Compliance Entities | M5: Initial | N5: Ratio of | O5: Cost | P5: Final | Q5: Allowances
C6: Number | D6: Bids to | H6: Share | I6: Share of | J6: Purchased | K6: Allowances | L6: HHI | M6: Allowances | N6: Bids to | O6: Containment | P6: Allowances | Q6: Held for | R6: Annual
A7: Auction | B7: Date | C7: Bidders | D7: Supply | E7: Clearing | F7: Minimum | G7: Maximum | H7: Purchased | I7: Bids | J7: to Date | K7: Holdings | L7: Index | M7: Available | N7: Total Supply | O7: Reserve | P7: Available | Q7: Compliance | R7: Average
A8: 1 | B8: 39716 | E8: 3.07
A9: 2 | B9: 39799 | E9: 3.38
A10: 3 | B10: 39890 | E10: 3.51
A11: 4 | B11: 39981 | E11: 3.23
A12: 5 | B12: 40065 | E12: 2.19
A13: 6 | B13: 40149 | E13: 2.05
A14: 7 | B14: 40247 | E14: 2.07
A15: 8 | B15: 40338 | E15: 1.88
A16: 9 | B16: 40429 | E16: 1.86
A17: 10 | B17: 40513 | E17: 1.86
A18: 11 | B18: 40611 | E18: 1.89
A19: 12 | B19: 40702 | E19: 1.89
A20: 13 | B20: 40793 | E20: 1.89
A21: 14 | B21: 40886 | C21: 38 | D21: 0.63 | E21: 1.89 | F21: 1.89 | G21: 5 | H21: 0.99 | I21: 0.99 | J21: 0.86 | K21: 0.97 | L21: 2332
A22: 15 | B22: 40982 | C22: 20 | D22: 0.62 | E22: 1.93 | F22: 1.93 | G22: 5.36 | H22: 0.62 | I22: 0.99 | J22: 0.87 | K22: 0.9 | L22: 2138
A23: 16 | B23: 41066 | C23: 24 | D23: 0.57 | E23: 1.93 | F23: 1.93 | G23: 6.14 | H23: 0.95 | I23: 0.95 | J23: 0.87 | K23: 0.9 | L23: 2046
A24: 17 | B24: 41157 | C24: 22 | D24: 0.65 | E24: 1.93 | F24: 1.93 | G24: 6.51 | H24: 1 | I24: 1 | J24: 0.88 | K24: 0.92 | L24: 1703
A25: 18 | B25: 41248 | C25: 29 | D25: 0.53 | E25: 1.93 | F25: 1.93 | G25: 5.14 | H25: 1 | I25: 1 | J25: 0.88 | K25: 0.94 | L25: 1938 | R25: =AVERAGE(E22:E25) -> 1.93
A26: 19 | B26: 41346 | C26: 43 | D26: 2.2 | E26: 2.8 | F26: 1.98 | G26: 5.03 | H26: 0.69 | I26: 0.72 | J26: 0.88 | K26: 0.9 | L26: 638
A27: 20 | B27: 41430 | C27: 47 | D27: 2.1 | E27: 3.21 | F27: 1.98 | G27: 5.55 | H27: 0.68 | I27: 0.8 | J27: 0.86 | K27: 0.86 | L27: 565
A28: 21 | B28: 41521 | C28: 42 | D28: 2 | E28: 2.67 | F28: 1.98 | G28: 12.85 | H28: 0.53 | I28: 0.54 | J28: 0.84 | K28: 0.82 | L28: 635
A29: 22 | B29: 41612 | C29: 49 | D29: 2.7 | E29: 3 | F29: 1.98 | G29: 12 | H29: 0.43 | I29: 0.53 | J29: 0.81 | K29: 0.77 | L29: 557 | R29: =AVERAGE(E26:E29) -> 2.92
A30: 23 | B30: 41705 | C30: 45 | D30: 3.1 | E30: 4 | F30: 2 | G30: 11.85 | H30: 0.45 | I30: 0.65 | J30: 0.78 | K30: 0.74 | L30: 487 | M30: 18491350 | N30: 2.5 | O30: 5000000 | P30: =M30+O30 -> 23491350
A31: 24 | B31: 41794 | C31: 43 | D31: 2.9 | E31: 5.02 | F31: 2 | G31: 19.27 | H31: 0.55 | I31: 0.72 | J31: 0.78 | K31: 0.77 | L31: 536 | M31: 18062384 | N31: 2.9 | O31: 0 | P31: =M31+O31 -> 18062384
A32: 25 | B32: 41887 | C32: 43 | D32: 2.5 | E32: 4.88 | F32: 2 | G32: 7.35 | H32: 0.66 | I32: 0.8 | J32: 0.78 | K32: 0.8 | L32: 604 | M32: 17998687 | N32: 2.5 | O32: 0 | P32: =M32+O32 -> 17998687
A33: 26 | B33: 41978 | C33: 50 | D33: 2.5 | E33: 5.21 | F33: 2 | G33: 12.2 | H33: 0.88 | I33: 0.71 | J33: 0.78 | K33: 0.81 | L33: 567 | M33: 18198685 | N33: 2.5 | O33: 0 | P33: =M33+O33 -> 18198685 | R33: =AVERAGE(E30:E33) -> 4.7775
A34: 27 | B34: 42076 | C34: 45 | D34: 2.8 | E34: 5.41 | F34: 2.05 | G34: 12.5 | H34: 1 | I34: 0.66 | J34: 0.78 | K34: 0.62 | L34: 621 | M34: 15272670 | N34: =D34 -> 2.8 | O34: 0 | P34: =M34+O34 -> 15272670
A35: 28 | B35: 42160 | C35: 48 | D35: 3.1 | E35: 5.5 | F35: 2.05 | G35: 12.5 | H35: 0.68 | I35: 0.39 | J35: 0.77 | K35: 0.55 | L35: 528 | M35: 15507571 | N35: =D35 -> 3.1 | O35: 10000000 | P35: =M35+O35 -> 25507571
A36: 29 | B36: 42258 | C36: 51 | D36: 3.4 | E36: 6.02 | F36: 2.05 | G36: 10 | H36: 0.74 | I36: 0.4 | J36: 0.77 | K36: 0.55 | L36: 483 | M36: 15374294 | N36: =D36 -> 3.4 | O36: 10000000 | P36: =M36+O36 -> 25374294
A37: 30 | B37: 42342 | C37: 51 | D37: 3 | E37: 7.5 | F37: 2.05 | G37: 10.01 | H37: 0.8 | I37: 0.34 | J37: 0.77 | K37: 0.55 | L37: 507 | M37: 15374294 | N37: =D37 -> 3 | O37: 0 | P37: =M37+O37 -> 15374294 | R37: =AVERAGE(E34:E37) -> 6.1075
A38: 31 | B38: 42438 | C38: 46 | D38: 3.5 | E38: 5.25 | F38: 2.1 | G38: 10.46 | H38: 0.67 | I38: 0.41 | J38: 0.77 | K38: 0.5 | L38: 522 | M38: 14838732 | N38: =D38 -> 3.5 | O38: 0 | P38: =M38+O38 -> 14838732
A39: 32 | B39: 42522 | C39: 42 | D39: 3.1 | E39: 4.53 | F39: 2.1 | G39: 12.65 | H39: 0.93 | I39: 0.35 | J39: 0.77 | K39: 0.46 | L39: 609 | N39: =D39 -> 3.1
A40: 33 | B40: 42620 | C40: 41 | D40: 2.8 | E40: 4.54 | F40: 2.1 | G40: 12.65 | H40: 0.61 | I40: 0.32 | J40: 0.77 | K40: 0.58 | L40: 625 | N40: =D40 -> 2.8
A41: 34 | B41: 42711 | C41: 33 | D41: 2.4 | E41: 3.55 | F41: 2.1 | G41: 13.75 | H41: 0.71 | I41: 0.4 | J41: 0.77 | K41: 0.53 | L41: 672 | N41: =D41 -> 2.4 | R41: =AVERAGE(E38:E41) -> 4.4675
A42: 35 | B42: 42802 | C42: 36 | D42: 2.2 | E42: 3 | F42: 2.15 | G42: 13.75 | H42: 0.47 | I42: 0.34 | J42: 0.76 | K42: 0.54 | L42: 719 | N42: 2.2
A43: 36 | B43: 42893 | C43: 40 | D43: 2.1 | E43: 2.53 | F43: 2.15 | G43: 6 | H43: 0.49 | I43: 0.28 | J43: 0.76 | K43: 0.54 | L43: 773 | N43: 2.1
A44: 37 | B44: 42984 | C44: 43 | D44: 2.7 | E44: 4.35 | F44: 2.15 | G44: 6.66 | H44: 0.47 | I44: 0.35 | J44: 0.76 | K44: 0.54 | L44: 515 | N44: 2.7
A45: 38 | B45: 43077 | C45: 35 | D45: 2.2 | E45: 3.8 | F45: 2.15 | G45: 8 | H45: 0.55 | I45: 0.52 | J45: 0.75 | K45: 0.56 | L45: 679 | N45: 2.2 | R45: =AVERAGE(E42:E45) -> 3.42
A46: 39 | B46: 43175 | C46: 40 | D46: 2.9 | E46: 3.79 | F46: 2.2 | G46: 5.8 | H46: 0.64 | J46: 0.75 | K46: 0.35 | L46: 537 | N46: 2.9
A47: 40 | B47: 43264 | C47: 43 | D47: 3.1 | E47: 4.02 | F47: 2.2 | G47: 6 | H47: 0.36 | I47: 0.33 | J47: 0.75 | K47: 0.36 | L47: 573 | N47: 3.1 | Q47: 0.44
A48: 41 | B48: 43348 | C48: 50 | D48: 3.2 | E48: 4.5 | F48: 2.2 | G48: 6.2 | H48: 0.61 | J48: 0.74 | K48: 0.4 | L48: 550
A49: 42 | B49: 43439 | C49: 41 | D49: 2.8 | E49: 5.35 | F49: 2.2 | G49: 7.5 | H49: 0.77 | I49: 0.37 | K49: 0.43 | L49: 617 | R49: =AVERAGE(E46:E49) -> 4.415
A50: 43 | B50: 43537 | C50: 43 | D50: 3 | E50: 5.27 | F50: 2.26 | G50: 7.12 | H50: 0.74 | J50: 0.74 | K50: 0.45 | L50: 598
A51: 44 | B51: 43621 | C51: 47 | D51: 2.8 | E51: 5.62 | F51: 2.26 | G51: 10.01 | H51: 0.47 | J51: 0.74 | K51: 0.45 | L51: 571
A52: 45 | B52: 43712 | C52: 51 | D52: 2.9 | E52: 5.2
A53: 46 | B53: 43803 | C53: 53 | D53: 2.4 | E53: 5.61
A54: 47 | B54: 43901 | C54: 53 | D54: 2.7 | E54: 5.65
A55: 48 | B55: 43985 | C55: 40 | D55: 2 | E55: 5.75
A56: 49 | B56: 44076 | C56: 64 | D56: 2.6 | E56: 5.75
A57: 50 | B57: 44167 | C57: 64 | D57: 2.4 | E57: 5.75
A58: 51 | B58: 44258 | C58: 48 | D58: 1.4 | E58: 7.6 | F58: 2.38 | G58: 12.86
A59: 52 | B59: =B55+365 -> 44350 | C59: 65 | D59: 2.3 | E59: 7.97 | F59: 2.28 | G59: 12.51
A60: 53 | B60: =B56+365 -> 44441 | C60: 65 | D60: 2.4 | E60: 9.3 | F60: 2.38 | G60: 12.51
A61: 54 | B61: =B57+365 -> 44532 | C61: 67 | D61: 2.5 | E61: 13 | F61: 2.38 | G61: 17
A62: 55 | B62: =B58+365 -> 44623 | C62: 75 | D62: 2.5 | E62: 13.5 | F62: 2.44 | G62: 30
A63: 56 | B63: =B59+365 -> 44715 | C63: 69 | D63: 2.6 | E63: 13.9 | F63: 2.44 | G63: 27
A64: 57 | B64: =B60+365 -> 44806
A65: 58 | B65: =B61+365 -> 44897
A66: 59 | B66: =B62+365 -> 44988
A67: 60 | B67: =B63+365 -> 45080
A68: 61 | B68: =B64+365 -> 45171
A69: 62 | B69: =B65+365 -> 45262
A70: 63 | B70: =B66+365 -> 45353

Sheet RGGI
B1: Allowance Prices and Volumes | E1: The number of allowances that are believed to be held for compliance purposes includes 100 percent of the allowances held by Compliance-Oriented Entities and a portion of allowances held by Investors with Compliance Obligations.
J2: CCR 2024 | K2: 15.92 | L2: Increases by 7% thereafter
B3: Allowance Prices and Volumes | E3: https://www.rggi.org/Auctions/Auction-Results/Prices-Volumes | J3: CCR 2025 | K3: =K2*1.07 -> 17.0344
L4: Market Monitor Auction Reports | Q4: Ratio of
L5: Compliance Entity | M5: Compliance-Oriented | N5: Compliance-Oriented | O5: Allowances Held | P5: Number | Q5: Bids to
B6: Auction | C6: Date | D6: Quantity Offered | E6: CCR Sold | F6: Quantity Sold | G6: Clearing Price | H6: Total Proceeds | J6: Auction | K6: Date | L6: Purchase % | M6: Purchase % | N6: Allowances in Circulation | O6: For Compliance | P6: Bidders | Q6: Supply
B7: Auction 47 | C7: 43901 | D7: 16208347 | E7: 0 | F7: 16208347 | G7: 5.65 | H7: 91577161 | J7: Auction 47 | K7: 43901 | L7: 0.69 | M7: 0.55 | N7: 0.47 | O7: 0.53 | P7: 53 | Q7: 2.7
B8: Auction 48 | C8: 43985 | D8: 16336298 | E8: 0 | F8: 16336298 | G8: 5.75 | H8: 93933714 | J8: Auction 48 | K8: 43985 | L8: 0.62 | M8: 0.31 | N8: 0.47 | O8: 0.53 | P8: 40 | Q8: 2
B9: Auction 49 | C9: 44076 | D9: 16192785 | E9: 0 | F9: 16192785 | G9: 6.82 | H9: 1.1043479e+08 | J9: Auction 49 | K9: 44076 | L9: 0.74 | M9: 0.66 | N9: 0.51 | O9: 0.58 | P9: 64 | Q9: 2.6
B10: Auction 50 | C10: 44167 | D10: 16237495 | E10: 0 | F10: 16237495 | G10: 7.41 | H10: 1.2031984e+08 | J10: Auction 50 | K10: 44167 | L10: 0.82 | M10: 0.64 | N10: 0.54 | O10: 0.6 | P10: 64 | Q10: 2.4
B11: Auction 51 | C11: 44258 | D11: 23467261 | E11: 0 | F11: 23467261 | G11: 7.6 | H11: 1.7835118e+08 | J11: Auction 51 | K11: 44258 | L11: 0.44 | M11: 0.42 | N11: 0.35 | O11: 0.43 | P11: 48 | Q11: 1.4
B12: Auction 52 | C12: 44349 | D12: 22987719 | E12: 0 | F12: 22987719 | G12: 7.97 | H12: 1.8321212e+08 | J12: Auction 52 | K12: 44349 | L12: 0.65 | M12: 0.56 | N12: 0.36 | O12: 0.43 | P12: 65 | Q12: 2.3
B13: Auction 53 | C13: 44447 | D13: 22911423 | E13: 0 | F13: 22911423 | G13: 9.3 | H13: 2.1307623e+08 | J13: Auction 53 | K13: 44447 | L13: 0.52 | M13: 0.5 | N13: 0.4 | O13: 0.46 | P13: 65 | Q13: 2.4
B14: Auction 54 | C14: 44531 | D14: 23121518 | E14: 3919482 | F14: 27041000 | G14: 13 | H14: 351533000 | J14: Auction 54 | K14: 44531 | L14: 0.68 | M14: 0.67 | N14: 0.45 | O14: 0.5 | P14: 67 | Q14: 2.5
B15: Auction 55 | C15: 44629 | D15: 21761269 | E15: 0 | F15: 21761269 | G15: 13.5 | H15: 2.9377713e+08 | J15: Auction 55 | K15: 44629 | L15: 0.73 | M15: 0.72 | N15: 0.39 | O15: 0.44 | P15: 75 | Q15: 2.5
B16: Auction 56 | C16: 44713 | D16: 22280473 | E16: 0 | F16: 22280473 | G16: 13.9 | H16: 3.0969857e+08 | J16: Auction 56 | K16: 44713 | L16: 0.72 | M16: 0.66 | N16: 0.44 | O16: 0.49 | P16: 69 | Q16: 2.6
B17: Auction 57 | C17: 44811 | D17: 22404023 | E17: 0 | F17: 22404023 | G17: 13.45 | H17: 3.0133411e+08 | J17: Auction 57 | K17: 44811 | L17: 0.8 | M17: 0.78 | N17: 0.5 | O17: 0.54 | P17: 66 | Q17: 2.6
B18: Auction 58 | C18: 44902 | D18: 22233203 | E18: 0 | F18: 22233203 | G18: 12.99 | H18: 2.8880931e+08 | J18: Auction 58 | K18: 44902 | L18: 0.71 | M18: 0.66 | N18: 0.53 | O18: 0.58 | P18: 67 | Q18: 2.4
... B27: Auction 67 | C27: 45728 | D27: 15392222 | E27: 8134778 | F27: 23527000 | G27: 19.76 | H27: 464893520 | J27: Auction 67 | K27: 45728 | L27: 0.56 | M27: 0.52 | N27: 0.5 | O27: 0.54 | P27: 50 | Q27: 3.7
B28: Auction 68 | C28: 45813 | D28: 15244479 | F28: 15244479 | G28: 19.63 | H28: 2.9924912e+08 | J28: Auction 68 | K28: 45813 | L28: 0.65 | M28: 0.54 | N28: 0.54 | O28: 0.58 | P28: 52 | Q28: 2.5
B30: Projection
B32: Auction | C32: Date | D32: Quantity Offered | E32: CCR Sold | F32: Quantity Sold | J32: Allowance | K32: Emissions
B33: Auction 63 | C33: 45364 | D33: 15855879 | E33: 8416278 | F33: 24272157 | H33: =ROUND(F33/1000000,1) -> 24.3 | J33: Bank
B34: Auction | C34: Date | D34: Quantity Offered | E34: CCR Sold | F34: Quantity Available | J34: 61.8
B35: Auction 64 | C35: Q2 - 2024 | D35: =D24 -> 16053188 | F35: =D35+E35 -> 16053188 | H35: =ROUND(F35/1000000,1) -> 16.1 | J35: =H35+J34 -> 77.9
B36: Auction 65 | C36: Q3 - 2024 | D36: =D25 -> 15943608 | F36: =D36+E36 -> 15943608 | H36: =ROUND(F36/1000000,1) -> 15.9 | J36: =H36+J35 -> 93.8
B37: Auction 66 | C37: Q4 - 2024 | D37: =Projections!U42 -> 16084836 | F37: =D37+E37 -> 16084836 | H37: =ROUND(F37/1000000,1) -> 16.1 | J37: =H37+J36 -> 109.9 | K37: 79
J38: =J37-K37/2 -> 70.4
B39: Auction 67 | C39: Q1- 2025 | D39: =Projections!U43 -> 15262853 | E39: =Projections!L16*0.1 -> 8132403.9 | F39: =D39+E39 -> 23395257 | H39: =ROUND(F39/1000000,1) -> 23.4 | J39: =H39+J38 -> 93.8
B40: Auction 68 | C40: Q2- 2025 | D40: =Projections!U44 -> 15395617 | F40: =D40+E40 -> 15395617 | H40: =ROUND(F40/1000000,1) -> 15.4 | J40: =H40+J39 -> 109.2
B41: Auction 69 | C41: Q3- 2025 | D41: =Projections!U45 -> 15388454 | F41: =D41+E41 -> 15388454 | H41: =ROUND(F41/1000000,1) -> 15.4 | J41: =H41+J40 -> 124.6
B42: Auction 70 | C42: Q4- 2025 | D42: =Projections!U46 -> 15429519 | F42: =D42+E42 -> 15429519 | H42: =ROUND(F42/1000000,1) -> 15.4 | J42: =H42+J41 -> 140 | K42: 79 | L42: =SUM(H39:H42) -> 69.6
J43: =J42-K42/2 -> 100.5
B44: Auction 71 | C44: Q1- 2026 | D44: =Projections!U47 -> 17999467 | F44: =D44+E44 -> 17999467 | H44: =ROUND(F44/1000000,1) -> 18 | J44: =H44+J43 -> 118.5
B45: Auction 72 | C45: Q2- 2026 | D45: =Projections!U48 -> 18156035 | F45: =D45+E45 -> 18156035 | H45: =ROUND(F45/1000000,1) -> 18.2 | J45: =H45+J44 -> 136.7
B46: Auction 73 | C46: Q3- 2026 | D46: =Projections!U49 -> 18147588 | F46: =D46+E46 -> 18147588 | H46: =ROUND(F46/1000000,1) -> 18.1 | J46: =H46+J45 -> 154.8
B47: Auction 74 | C47: Q4- 2026 | D47: =Projections!U50 -> 18196016 | F47: =D47+E47 -> 18196016 | H47: =ROUND(F47/1000000,1) -> 18.2 | J47: =H47+J46 -> 173 | K47: 79 | L47: =SUM(H44:H47) -> 72.5
J48: =J47-K37/2-K42/2-K47 -> 15
B52: 2024 | F52: =SUM(F33:F37) -> 72353789
B53: 2025 | F53: =SUM(F39:F42) -> 69608848
B54: 2026 | F54: =SUM(F44:F47) -> 72499106

Sheet Prices
A1: Allowance Prices and Volumes | D1: https://www.rggi.org/Auctions/Auction-Results/Prices-Volumes | P1: Spreadsheet was linked on 16 July 2025
Q3: Annual
A4: Auction | B4: Date | C4: Quantity Offered | D4: CCR Sold | E4: Quantity Sold | F4: Clearing Price | G4: Total Proceeds | I4: Future Actions | Q4: Average | S4: Year | T4: Price
A5: =RGGI!B28 -> Auction 68 | B5: =RGGI!C28 -> 45813 | C5: =RGGI!D28 -> 15244479 | D5: =RGGI!E28 -> 0 | E5: =RGGI!F28 -> 15244479 | F5: =RGGI!G28 -> 19.63 | G5: =RGGI!H28 -> 2.9924912e+08 | S5: 2008 | T5: 3.225
A6: Auction 67 | B6: 45728 | C6: 15392222 | D6: 8134778 | E6: 23527000 | F6: 19.76 | G6: 464893520 | P6: =YEAR(B6) -> 2025 | Q6: =AVERAGE(F5:F6) -> 19.695 | S6: 2009 | T6: 2.745
A7: Auction 66 | B7: 45630 | C7: 15943608 | D7: 0 | E7: 15943608 | F7: 20.05 | G7: 3.1966934e+08 | I7: Auction | J7: Date | K7: Quantity Offered | L7: CCR Sold | M7: Quantity Sold | N7: Clearing Price | O7: Total Proceeds | S7: 2010 | T7: 1.9175
A8: Auction 65 | B8: 45539 | C8: 15943608 | D8: 0 | E8: 15943608 | F8: 25.75 | G8: 410547906 | I8: Auction 14 (Future) | J8: 40884 | K8: 1864951 | L8: — | M8: 0 | N8: — | O8: — | S8: 2011 | T8: 1.89
A9: Auction 64 | B9: 45448 | C9: 16053188 | D9: 0 | E9: 16053188 | F9: 21.03 | G9: 3.3759854e+08 | I9: Auction 13 (Future) | J9: 40793 | K9: 1864951 | L9: — | M9: 0 | N9: — | O9: — | S9: 2012 | T9: 1.93
A10: Auction 63 | B10: 45364 | C10: 15855879 | D10: 8416278 | E10: 24272157 | F10: 16 | G10: 388354512 | I10: Auction 12 (Future) | J10: 40702 | K10: 1864952 | L10: — | M10: 943000 | N10: 1.89 | O10: — | P10: =YEAR(B10) -> 2024 | Q10: =AVERAGE(F7:F10) -> 20.7075 | S10: 2013 | T10: 2.92
A11: Auction 62 | B11: 45266 | C11: 22090709 | D11: 5565291 | E11: 27656000 | F11: 14.88 | G11: 411521280 | I11: Auction 11 (Future) | J11: 40611 | K11: 2144710 | L11: — | M11: 2144710 | N11: 1.89 | O11: — | S11: 2014 | T11: 4.7775
A12: Auction 61 | B12: 45175 | C12: 21948358 | D12: 0 | E12: 21948358 | F12: 13.85 | G12: 3.0398476e+08 | I12: Auction 10 (Future) | J12: 40513 | K12: 2137991 | L12: — | M12: 1172000 | N12: 1.86 | O12: — | S12: 2015 | T12: 6.1075
A13: Auction 60 | B13: 45084 | C13: 22026639 | D13: 0 | E13: 22026639 | F13: 12.73 | G13: 2.8039911e+08 | I13: Auction 9 (Future) | J13: 40429 | K13: 2137992 | L13: — | M13: 1312000 | N13: 1.86 | O13: — | S13: 2016 | T13: 4.4675
A14: Auction 59 | B14: 44993 | C14: 21522877 | D14: 0 | E14: 21522877 | F14: 12.5 | G14: 2.6903596e+08 | I14: Auction 8 (Future) | J14: 40338 | K14: 2137993 | L14: — | M14: 2137993 | N14: 1.86 | O14: — | P14: =YEAR(B14) -> 2023 | Q14: =AVERAGE(F11:F14) -> 13.49 | S14: 2017 | T14: 3.42
A15: Auction 58 | B15: 44902 | C15: 22233203 | D15: 0 | E15: 22233203 | F15: 12.99 | G15: 2.8880931e+08 | I15: Auction 7 (Future) | J15: 40247 | K15: 2137992 | L15: — | M15: 2091000 | N15: 1.86 | O15: — | S15: 2018 | T15: 4.415
A16: Auction 57 | B16: 44811 | C16: 22404023 | D16: 0 | E16: 22404023 | F16: 13.45 | G16: 3.0133411e+08 | I16: Auction 6 (Future) | J16: 40149 | K16: 2172540 | L16: — | M16: 1599000 | N16: 1.86 | O16: — | S16: 2019 | T16: 5.425
A17: Auction 56 | B17: 44713 | C17: 22280473 | D17: 0 | E17: 22280473 | F17: 13.9 | G17: 3.0969857e+08 | I17: Auction 5 (Future) | J17: 40065 | K17: 2172540 | L17: 2172540 | M17: 1.87 | S17: 2020 | T17: 6.4075
A18: Auction 55 | B18: 44629 | C18: 21761269 | D18: 0 | E18: 21761269 | F18: 13.5 | G18: 2.9377713e+08 | I18: Auction 4 (Future) | J18: 39981 | K18: 2172540 | L18: — | M18: 2172540 | N18: 2.06 | O18: — | P18: =YEAR(B18) -> 2022 | Q18: =AVERAGE(F15:F18) -> 13.46 | S18: 2021 | T18: 9.4675
A19: Auction 54 | B19: 44531 | C19: 23121518 | D19: 3919482 | E19: 27041000 | F19: 13 | G19: 351533000 | I19: Auction 3 (Future) | J19: 39890 | K19: 2175513 | L19: — | M19: 2175513 | N19: 3.05 | O19: — | S19: 2022 | T19: 13.46
A20: Auction 53 | B20: 44447 | C20: 22911423 | D20: 0 | E20: 22911423 | F20: 9.3 | G20: 2.1307623e+08 | S20: 2023 | T20: 13.49
A21: Auction 52 | B21: 44349 | C21: 22987719 | D21: 0 | E21: 22987719 | F21: 7.97 | G21: 1.8321212e+08 | S21: 2024 | T21: 20.7075
A22: Auction 51 | B22: 44258 | C22: 23467261 | D22: 0 | E22: 23467261 | F22: 7.6 | G22: 1.7835118e+08 | P22: =YEAR(B22) -> 2021 | Q22: =AVERAGE(F19:F22) -> 9.4675 | S22: 2025 | T22: 19.695
A23: Auction 50 | B23: 44167 | C23: 16237495 | D23: 0 | E23: 16237495 | F23: 7.41 | G23: 1.2031984e+08
A24: Auction 49 | B24: 44076 | C24: 16192785 | D24: 0 | E24: 16192785 | F24: 6.82 | G24: 1.1043479e+08
A25: Auction 48 | B25: 43985 | C25: 16336298 | D25: 0 | E25: 16336298 | F25: 5.75 | G25: 93933714
A26: Auction 47 | B26: 43901 | C26: 16208347 | D26: 0 | E26: 16208347 | F26: 5.65 | G26: 91577161 | P26: =YEAR(B26) -> 2020 | Q26: =AVERAGE(F23:F26) -> 6.4075
A27: Auction 46 | B27: 43803 | C27: 13116444 | D27: 0 | E27: 13116444 | F27: 5.61 | G27: 73583251
A28: Auction 45 | B28: 43712 | C28: 13116447 | D28: 0 | E28: 13116447 | F28: 5.2 | G28: 68205524
A29: Auction 44 | B29: 43621 | C29: 13221453 | D29: 0 | E29: 13221453 | F29: 5.62 | G29: 74304566
A30: Auction 43 | B30: 43537 | C30: 12883436 | D30: 0 | E30: 12883436 | F30: 5.27 | G30: 67895708 | P30: =YEAR(B30) -> 2019 | Q30: =AVERAGE(F27:F30) -> 5.425
A31: Auction 42 | B31: 43439 | C31: 13360649 | D31: 0 | E31: 13360649 | F31: 5.35 | G31: 71479472
A32: Auction 41 | B32: 43348 | C32: 13590107 | D32: 0 | E32: 13590107 | F32: 4.5 | G32: 61155482
A33: Auction 40 | B33: 43264 | C33: 13771025 | D33: 0 | E33: 13771025 | F33: 4.02 | G33: 55359520
A34: Auction 39 | B34: 43173 | C34: 13553767 | D34: 0 | E34: 13553767 | F34: 3.79 | G34: 51368777 | P34: =YEAR(B34) -> 2018 | Q34: =AVERAGE(F31:F34) -> 4.415
A35: Auction 38 | B35: 43075 | C35: 14687989 | D35: 0 | E35: 14687989 | F35: 3.8 | G35: 55814358
A36: Auction 37 | B36: 42984 | C36: 14371585 | D36: 0 | E36: 14371585 | F36: 4.35 | G36: 62516395
A37: Auction 36 | B37: 42893 | C37: 14597470 | D37: 0 | E37: 14597470 | F37: 2.53 | G37: 36931599
A38: Auction 35 | B38: 42802 | C38: 14371300 | D38: 0 | E38: 14371300 | F38: 3 | G38: 43113900 | P38: =YEAR(B38) -> 2017 | Q38: =AVERAGE(F35:F38) -> 3.42
A39: Auction 34 | B39: 42711 | C39: 14791315 | D39: 0 | E39: 14791315 | F39: 3.55 | G39: 52509168
A40: Auction 33 | B40: 42620 | C40: 14911315 | D40: 0 | E40: 14911315 | F40: 4.54 | G40: 67697370
A41: Auction 32 | B41: 42522 | C41: 15089652 | D41: 0 | E41: 15089652 | F41: 4.53 | G41: 68356124
A42: Auction 31 | B42: 42438 | C42: 14838732 | D42: 0 | E42: 14838732 | F42: 5.25 | G42: 77903343 | P42: =YEAR(B42) -> 2016 | Q42: =AVERAGE(F39:F42) -> 4.4675
A43: Auction 30 | B43: 42340 | C43: 15374274 | D43: 0 | E43: 15374274 | F43: 7.5 | G43: 115307055
A44: Auction 29 | B44: 42256 | C44: 15374294 | D44: 10000000 | E44: 25374294 | F44: 6.02 | G44: 1.5275325e+08
A45: Auction 28 | B45: 42158 | C45: 15507571 | D45: 0 | E45: 15507571 | F45: 5.5 | G45: 85291640
A46: Auction 27 | B46: 42074 | C46: 15272670 | D46: 0 | E46: 15272670 | F46: 5.41 | G46: 82625145 | P46: =YEAR(B46) -> 2015 | Q46: =AVERAGE(F43:F46) -> 6.1075
A47: Auction 26 | B47: 41976 | C47: 18198685 | D47: 0 | E47: 18198685 | F47: 5.21 | G47: 94815149
A48: Auction 25 | B48: 41885 | C48: 17998687 | D48: 0 | E48: 17998687 | F48: 4.88 | G48: 87833593
A49: Auction 24 | B49: 41794 | C49: 18062384 | D49: 0 | E49: 18062384 | F49: 5.02 | G49: 90673168
A50: Auction 23 | B50: 41703 | C50: 18491350 | D50: 5000000 | E50: 23491350 | F50: 4 | G50: 93965400 | P50: =YEAR(B50) -> 2014 | Q50: =AVERAGE(F47:F50) -> 4.7775
A51: Auction 22 | B51: 41612 | C51: 38329378 | D51: — | E51: 38329378 | F51: 3 | G51: 114988134
A52: Auction 21 | B52: 41521 | C52: 38409043 | D52: — | E52: 38409043 | F52: 2.67 | G52: 1.0255214e+08
A53: Auction 20 | B53: 41430 | C53: 38782076 | D53: — | E53: 38782076 | F53: 3.21 | G53: 1.2449046e+08
A54: Auction 19 | B54: 41346 | C54: 37835405 | D54: — | E54: 37835405 | F54: 2.8 | G54: 105939134 | P54: =YEAR(B54) -> 2013 | Q54: =AVERAGE(F51:F54) -> 2.92
A55: Auction 18 | B55: 41248 | C55: 37563083 | D55: — | E55: 19774000 | F55: 1.93 | G55: 38163820
A56: Auction 17 | B56: 41157 | C56: 37949558 | D56: — | E56: 24589000 | F56: 1.93 | G56: 47456770
A57: Auction 16 | B57: 41066 | C57: 36426008 | D57: — | E57: 20941000 | F57: 1.93 | G57: 40416130
A58: Auction 15 | B58: 40982 | C58: 34843858 | D58: — | E58: 21559000 | F58: 1.93 | G58: 41608870 | P58: =YEAR(B58) -> 2012 | Q58: =AVERAGE(F55:F58) -> 1.93
A59: Auction 14 | B59: 40884 | C59: 42983482 | D59: — | E59: 27293000 | F59: 1.89 | G59: 51583770
A60: Auction 13 | B60: 40793 | C60: 42189685 | D60: — | E60: 7487000 | F60: 1.89 | G60: 14150430
A61: Auction 12 | B61: 40702 | C61: 42034184 | D61: — | E61: 12537000 | F61: 1.89 | G61: 25477200
A62: Auction 11 | B62: 40611 | C62: 41995813 | D62: — | E62: 41995813 | F62: 1.89 | G62: 83425588 | P62: =YEAR(B62) -> 2011 | Q62: =AVERAGE(F59:F62) -> 1.89
A63: Auction 10 | B63: 40513 | C63: 43173648 | D63: — | E63: 24755000 | F63: 1.86 | G63: 48224220
A64: Auction 9 | B64: 40429 | C64: 45595968 | D64: — | E64: 34407000 | F64: 1.86 | G64: 66437340
A65: Auction 8 | B65: 40338 | C65: 40685585 | D65: — | E65: 40685585 | F65: 1.88 | G65: 80465567
A66: Auction 7 | B66: 40247 | C66: 40612408 | D66: — | E66: 40612408 | F66: 2.07 | G66: 87956945 | P66: =YEAR(B66) -> 2010 | Q66: =AVERAGE(F63:F66) -> 1.9175
A67: Auction 6 | B67: 40149 | C67: 28591698 | D67: — | E67: 28591698 | F67: 2.05 | G67: 61587121
A68: Auction 5 | B68: 40065 | C68: 28408945 | D68: — | E68: 28408945 | F68: 2.19 | G68: 66278239
A69: Auction 4 | B69: 39981 | C69: 30887620 | D69: — | E69: 30887620 | F69: 3.23 | G69: 104242445
A70: Auction 3 | B70: 39890 | C70: 31513765 | D70: — | E70: 31513765 | F70: 3.51 | G70: 1.1724863e+08 | P70: =YEAR(B70) -> 2009 | Q70: =AVERAGE(F67:F70) -> 2.745
A71: Auction 2 | B71: 39799 | C71: 31505898 | D71: — | E71: 31505898 | F71: 3.38 | G71: 1.0648994e+08
A72: Auction 1 | B72: 39716 | C72: 12565387 | D72: — | E72: 12565387 | F72: 3.07 | G72: 38575738 | P72: =YEAR(B72) -> 2008 | Q72: =AVERAGE(F71:F72) -> 3.225

Sheet NY Price
A1: New York Electricity Prices vs RRGI Allowance Prices
L2: Monthly Average Retail Price of Electricity - Residential
B3: New York Electricity Prices
B4: https://www.nyserda.ny.gov/Energy-Prices/Electricity/Monthly-Avg-Electricity-Residential
B6: Auction | C6: Date | D6: Clearing Price | E6: Price (₵/kWh) | G6: New York Residential Electricity Prices vs RGGI Allowance Prices
B7: 15 | C7: 40982 | D7: 1.93 | E7: 16.7
B8: 16 | C8: 41066 | D8: 1.93 | E8: 18.3
B9: 17 | C9: 41157 | D9: 1.93 | E9: 19
B10: 18 | C10: 41248 | D10: 1.93 | E10: 17.5
B11: 19 | C11: 41346 | D11: 2.8 | E11: 18.3
B12: 20 | C12: 41430 | D12: 3.21 | E12: 19.3
B13: 21 | C13: 41521 | D13: 2.67 | E13: 19.6
B14: 22 | C14: 41612 | D14: 3 | E14: 18.2
B15: 23 | C15: 41703 | D15: 4 | E15: 20.9
B16: 24 | C16: 41794 | D16: 5.02 | E16: 20.9
B17: 25 | C17: 41885 | D17: 4.88 | E17: 19.4
B18: 26 | C18: 41976 | D18: 5.21 | E18: 19.3
... B57: 65 | C57: 45539 | D57: 25.75 | E57: 24.98
B58: 66 | C58: 45630 | D58: 20.05
B59: 67 | C59: 45720
B60: 68 | C60: 45812

Sheet RGGI Allowances
A1: Distribution of Total RRGI CO2 Allowances | H1: https://www.rggi.org/allowance-tracking/allowance-distribution | T1: H+I+J+K+L-Q+R
A3: Year | B3: Date Updated | C3: CO2 Allowance Budget | D3: First Control Period Interim Adjustmen | E3: Second Control Period Interim Adjustment | F3: Third Adjustment for Banked Allowances | G3: Offered at Auction | H3: Sold at Auction | I3: Sold Cost Containment Reserve (CCR) Allowances | J3: Sold at Fixed Price | K3: Transferred from State Set-Aside Accounts | L3: Early Reduction Allowances (ERAs) | M3: Offered but Unsold at Auction | N3: Remaining Set-Aside Allowances | O3: Set-Aside Allowances Retired | P3: Unsold Allowances Retired | Q3: Sold Allowances Retired | R3: Awarded CO2 Offset Allowances | T3: Input Allowances
A4: 2009 | B4: 44456 | C4: 188076976 | G4: 165793717 | H4: 165442789 | J4: 5827721 | K4: 7569440 | L4: 2422408 | M4: 0 | N4: 0 | O4: 8886098 | P4: 350928 | Q4: 1008 | T4: =H4+I4+J4+K4+L4-Q4+R4 -> 181261350 | U4: =SUM(H4:R4)-O4-P4-Q4 -> 181262358 | V4: =T4/4000000 -> 45.315337 | W4: =U4/4000000 -> 45.31559
A5: 2010 | B5: 44456 | C5: 188076976 | G5: 172021570 | H5: 141516720 | J5: 48735 | K5: 7390471 | M5: 999288 | N5: 0 | O5: 8616200 | P5: 29505562 | Q5: 516 | T5: =H5+I5+J5+K5+L5-Q5+R5 -> 148955410 | U5: =SUM(H5:R5)-O5-P5-Q5 -> 149955214 | V5: =T5/4000000 -> 37.238853 | W5: =U5/4000000 -> 37.488804
A6: 2011 | B6: 44456 | C6: 188076976 | G6: 169618556 | H6: 90300316 | J6: 1600000 | K6: 7265064 | M6: 2882539 | N6: 0 | O6: 9593356 | P6: 76435701 | Q6: 737 | T6: =H6+I6+J6+K6+L6-Q6+R6 -> 99164643 | U6: =SUM(H6:R6)-O6-P6-Q6 -> 102047919 | V6: =T6/4000000 -> 24.791161 | W6: =U6/4000000 -> 25.51198
A7: 2012 | B7: 44358 | C7: 165184246 | G7: 154288988 | H7: 94546783 | J7: 0 | K7: 4859381 | M7: 5398161 | N7: 312894 | O7: 5722983 | P7: 54344044 | T7: =H7+I7+J7+K7+L7-Q7+R7 -> 99406164 | U7: =SUM(H7:R7)-O7-P7-Q7 -> 105117219 | V7: =T7/4000000 -> 24.851541 | W7: =U7/4000000 -> 26.279305
A8: 2013 | B8: 44456 | C8: 165184246 | G8: 156662940 | H8: 155064797 | J8: 154302 | K8: 4373439 | M8: 556356 | N8: 122159 | O8: 3871406 | P8: 1041787 | T8: =H8+I8+J8+K8+L8-Q8+R8 -> 159592538 | U8: =SUM(H8:R8)-O8-P8-Q8 -> 160271053 | V8: =T8/4000000 -> 39.898134 | W8: =U8/4000000 -> 40.067763
A9: 2014 | B9: 44456 | C9: 91000000 | D9: 8207664 | G9: 82792336 | H9: 75241271 | I9: 5000000 | J9: 3045698 | K9: 3597696 | N9: 104554 | O9: 803117 | Q9: 239 | T9: =H9+I9+J9+K9+L9-Q9+R9 -> 86884426 | U9: =SUM(H9:R9)-O9-P9-Q9 -> 86989219 | V9: =T9/4000000 -> 21.721107 | W9: =U9/4000000 -> 21.747305
A10: 2015 | B10: 45194 | C10: 88725000 | D10: 8207664 | E10: 13683744 | G10: 66833592 | H10: 61625403 | I10: 10000000 | J10: 1600000 | K10: 2813324 | N10: 36035 | O10: 758830 | Q10: 297 | T10: =H10+I10+J10+K10+L10-Q10+R10 -> 76038430 | U10: =SUM(H10:R10)-O10-P10-Q10 -> 76074762 | V10: =T10/4000000 -> 19.009608 | W10: =U10/4000000 -> 19.018691
A11: 2016 | B11: 45194 | C11: 86506875 | D11: 8207664 | E11: 13683744 | G11: 64615467 | H11: 59850898 | I11: 0 | J11: 1600000 | K11: 2375675 | N11: 0 | O11: 788894 | T11: =H11+I11+J11+K11+L11-Q11+R11 -> 63826573 | U11: =SUM(H11:R11)-O11-P11-Q11 -> 63826573 | V11: =T11/4000000 -> 15.956643 | W11: =U11/4000000 -> 15.956643
A12: 2017 | B12: 45194 | C12: 84344203 | D12: 8207664 | E12: 13683744 | G12: 62452795 | H12: 57735120 | I12: 0 | J12: 1600000 | K12: 1683070 | N12: 3635 | O12: 1430970 | R12: 16003 | T12: =H12+I12+J12+K12+L12-Q12+R12 -> 61034193 | U12: =SUM(H12:R12)-O12-P12-Q12 -> 61037828 | V12: =T12/4000000 -> 15.258548 | W12: =U12/4000000 -> 15.259457
A13: 2018 | B13: 44267 | C13: 82235598 | D13: 8207664 | E13: 13683744 | G13: 60344190 | H13: 54382531 | I13: 0 | J13: 1600000 | K13: 3303253 | N13: 267527 | O13: 790879 | R13: 16863 | T13: =H13+I13+J13+K13+L13-Q13+R13 -> 59302647 | U13: =SUM(H13:R13)-O13-P13-Q13 -> 59570174 | V13: =T13/4000000 -> 14.825662 | W13: =U13/4000000 -> 14.892544
A14: 2019 | B14: 01-20-2023 | C14: 80363945 | D14: 8207663 | E14: 13683744 | G14: 58472538 | H14: 52336317 | I14: 0 | J14: 1066525 | K14: 3057317 | N14: 34791 | O14: 1970916 | Q14: 6858 | R14: 15371 | T14: =H14+I14+J14+K14+L14-Q14+R14 -> 56468672 | U14: =SUM(H14:R14)-O14-P14-Q14 -> 56510321 | V14: =T14/4000000 -> 14.117168 | W14: =U14/4000000 -> 14.12758
A15: 2020 | B15: 01-20-2023 | C15: 96354847 | D15: 8207664 | E15: 13683744 | G15: 74463439 | H15: 65784742 | I15: 0 | J15: 2379879 | K15: 2987182 | N15: 917033 | O15: 2394603 | R15: 5269 | T15: =H15+I15+J15+K15+L15-Q15+R15 -> 71157072 | U15: =SUM(H15:R15)-O15-P15-Q15 -> 72074105 | V15: =T15/4000000 -> 17.789268 | W15: =U15/4000000 -> 18.018526
A16: 2021 | B16: 45086 | C16: 119767784 | F16: 19090330 | G16: 100677454 | H16: 92029137 | I16: 3919482 | J16: 2951762 | K16: 2549123 | N16: 327825 | O16: 2819607 | R16: 0 | T16: =H16+I16+J16+K16+L16-Q16+R16 -> 101449504 | U16: =SUM(H16:R16)-O16-P16-Q16 -> 101777329 | V16: =T16/4000000 -> 25.362376 | W16: =U16/4000000 -> 25.444332
A17: 2022 | B17: 45299 | C17: 116112784 | F17: 19090330 | G17: 97022454 | H17: 89556470 | I17: 0 | J17: 1140910 | K17: 2399617 | N17: 2068217 | O17: 1857240 | R17: 0 | T17: =H17+I17+J17+K17+L17-Q17+R17 -> 93096997 | U17: =SUM(H17:R17)-O17-P17-Q17 -> 95165214 | V17: =T17/4000000 -> 23.274249 | W17: =U17/4000000 -> 23.791304
A18: 2023 | B18: 45299 | C18: 112457784 | F18: 19090330 | G18: 93367454 | H18: 86037728 | I18: 5565291 | J18: 36407 | K18: 969685 | N18: 6026919 | O18: 296715 | R18: 0 | T18: =H18+I18+J18+K18+L18-Q18+R18 -> 92609111 | U18: =SUM(H18:R18)-O18-P18-Q18 -> 98636030 | V18: =T18/4000000 -> 23.152278 | W18: =U18/4000000 -> 24.659008
A19: 2024 | B19: 45384 | C19: 84162784 | F19: 14761175 | G19: 69401609 | H19: =SUM(RGGI!D23:D25) -> 47852675 | I19: 8416278 | N19: 4258892 | O19: 240310 | T19: =H19+I19+J19+K19+L19-Q19+R19 -> 56268953 | U19: =SUM(H19:R19)-O19-P19-Q19 -> 60527845 | V19: =T19/4000000 -> 14.067238 | W19: =U19/4000000 -> 15.131961

Sheet Tracking
C3: Calculated Balance RGGI Allowances Minus Emissions
C4: Annual | D4: Quarterly | F4: Compliance | G4: Annual | H4: Cumulative | J4: Allowances In | N4: Allowances | O4: Compliance Entity | P4: Allowances for
A5: Year | B5: Qtr | C5: Allowances | D5: Allowances | E5: Emissions | F5: Obligation | G5: Balance | H5: Balance | I5: Comment | J5: Circulation | L5: Year | M5: Quarter | N5: in Circulation | O5: Holdings | P5: Compliance Purposes
A6: 2009 | C6: ='RGGI Allowances'!U4 -> 181262358 | E6: =Emissions!H6 -> 1.2388379e+08 | F6: =E6/2 -> 61941897 | G6: =C6-F6 -> 1.1932046e+08 | H6: =G6 -> 1.1932046e+08 | I6: NJ In | J6: =ROUND(H6/1000000,0) -> 119
A7: 2010 | C7: ='RGGI Allowances'!U5 -> 149955214 | E7: =Emissions!H7 -> 1.3737982e+08 | F7: =E7/2 -> 68689910 | G7: =C7-F7 -> 81265304 | H7: =G7+H6 -> 2.0058577e+08 | I7: NJ In | J7: =ROUND(H7/1000000,0) -> 201
A8: 2011 | C8: ='RGGI Allowances'!U6 -> 102047919 | E8: =Emissions!H8 -> 1.2156745e+08 | F8: =F6+F7+E8 -> 2.5219926e+08 | G8: =C8-F8 -> -1.5015134e+08 | H8: =G8+H7 -> 50434426 | I8: NJ In | J8: =ROUND(H8/1000000,0) -> 50
A9: 2012 | C9: ='RGGI Allowances'!U7 -> 105117219 | E9: =Emissions!H9 -> 94869107 | F9: =E9/2 -> 47434553 | G9: =C9-F9 -> 57682666 | H9: =G9 -> 57682666 | I9: NJ Out | J9: =ROUND(H9/1000000,0) -> 58
A10: 2013 | C10: ='RGGI Allowances'!U8 -> 160271053 | E10: =Emissions!H10 -> 88169673 | F10: =E10/2 -> 44084836 | G10: =C10-F10 -> 1.1618622e+08 | H10: =G10+H9 -> 1.7386888e+08 | I10: NJ Out | J10: =ROUND(H10/1000000,0) -> 174
A11: 2014 | C11: ='RGGI Allowances'!U9 -> 86989219 | E11: =Emissions!H11 -> 88197686 | F11: =F9+F10+E11 -> 1.7971708e+08 | G11: =C11-F11 -> -92727857 | H11: =G11+H10 -> 81141026 | I11: NJ Out | J11: =ROUND(H11/1000000,0) -> 81
A12: 2015 | B12: 4 | C12: ='RGGI Allowances'!U10 -> 76074762 | E12: =Emissions!H12 -> 84769466 | H12: 213000000 | I12: NJ Out | J12: =ROUND(H12/1000000,0) -> 213 | L12: 2015 | M12: Q4 | N12: 213 | O12: 136
A13: 2016 | B13: 1 | D13: =ROUND(C16/4,0) -> 15956643 | F13: =E12/2 -> 42384733 | G13: =C12-F13 -> 33690029 | H13: =G13 -> 33690029 | J13: =ROUND(J12+D13/1000000-F13/1000000,0) -> 187 | L13: 2016 | M13: Q1 | N13: 186 | O13: 79 | P13: 95
A14: 2016 | B14: 2 | D14: =ROUND(C16/4,0) -> 15956643 | J14: =ROUND(J13+D14/1000000-F14/1000000,0) -> 203 | L14: 2016 | M14: Q2 | N14: 203 | O14: 94 | P14: 112
A15: 2016 | B15: 3 | D15: =ROUND(C16/4,0) -> 15956643 | J15: =ROUND(J14+D15/1000000-F15/1000000,0) -> 219 | L15: 2016 | M15: Q3 | N15: 219 | O15: 161 | P15: 131
A16: 2016 | B16: 4 | C16: ='RGGI Allowances'!U11 -> 63826573 | D16: =ROUND(C16/4,0) -> 15956643 | E16: =Emissions!H13 -> 80660499 | H16: =H13+C16 -> 97516602 | I16: NJ Out | J16: =ROUND(J15+D16/1000000-F16/1000000,0) -> 235 | L16: 2016 | M16: Q4 | N16: 234 | O16: 142 | P16: 144
A17: 2017 | B17: 1 | D17: =ROUND(C20/4,0) -> 15259457 | F17: =E16/2 -> 40330249 | G17: =C16-F17 -> 23496324 | H17: =H16-F17 -> 57186353 | J17: =ROUND(J16+D17/1000000-F17/1000000,0) -> 210 | L17: 2017 | M17: Q1 | N17: 209 | O17: 112 | P17: 114
A18: 2017 | B18: 2 | D18: =ROUND(C20/4,0) -> 15259457 | J18: =ROUND(J17+D18/1000000-F18/1000000,0) -> 225 | L18: 2017 | M18: Q2 | N18: 223 | O18: 122 | P18: 125
A19: 2017 | B19: 3 | D19: =ROUND(C20/4,0) -> 15259457 | J19: =ROUND(J18+D19/1000000-F19/1000000,0) -> 240 | L19: 2017 | M19: Q3 | N19: 241 | O19: 132 | P19: 135
A20: 2017 | B20: 4 | C20: ='RGGI Allowances'!U12 -> 61037828 | D20: =ROUND(C20/4,0) -> 15259457 | E20: =Emissions!H14 -> 66242523 | I20: NJ Out | J20: =ROUND(J19+D20/1000000-F20/1000000,0) -> 255 | L20: 2017 | M20: Q4 | N20: 255 | O20: 156 | P20: 175
A21: 2018 | B21: 1 | D21: =ROUND(C24/4,0) -> 14892544 | F21: =F13+F17+E20 -> 1.4895751e+08 | J21: =ROUND(J20+D21/1000000-F21/1000000,0) -> 121 | L21: 2018 | M21: Q1 | N21: 125 | O21: 44 | P21: 59
A22: 2018 | B22: 2 | D22: =ROUND(C24/4,0) -> 14892544 | J22: =ROUND(J21+D22/1000000-F22/1000000,0) -> 136 | L22: 2018 | M22: Q2 | N22: 139 | O22: 51 | P22: 64
A23: 2018 | B23: 3 | D23: =ROUND(C24/4,0) -> 14892544 | J23: =ROUND(J22+D23/1000000-F23/1000000,0) -> 151 | L23: 2018 | M23: Q3 | N23: 155 | O23: 61 | P23: 72
A24: 2018 | B24: 4 | C24: ='RGGI Allowances'!U13 -> 59570174 | D24: =ROUND(C24/4,0) -> 14892544 | E24: =Emissions!H15 -> 73402550 | I24: NJ Out | J24: =ROUND(J23+D24/1000000-F24/1000000,0) -> 166 | L24: 2018 | M24: Q4 | N24: 170 | O24: 87 | P24: 99
A25: 2019 | B25: 1 | D25: =ROUND(C28/4,0) -> 14127580 | F25: =E24/2 -> 36701275 | J25: =ROUND(J24+D25/1000000-F25/1000000,0) -> 143 | L25: 2019 | M25: Q1 | N25: 147 | O25: 66 | P25: 77
A26: 2019 | B26: 2 | D26: =ROUND(C28/4,0) -> 14127580 | J26: =ROUND(J25+D26/1000000-F26/1000000,0) -> 157 | L26: 2019 | M26: Q2 | N26: 162 | O26: 75 | P26: 77
A27: 2019 | B27: 3 | D27: =ROUND(C28/4,0) -> 14127580 | J27: =ROUND(J26+D27/1000000-F27/1000000,0) -> 171 | L27: 2019 | M27: Q3 | N27: 173 | O27: 87 | P27: 99
A28: 2019 | B28: 4 | C28: ='RGGI Allowances'!U14 -> 56510321 | D28: =ROUND(C28/4,0) -> 14127580 | E28: =Emissions!H16 -> 61797453 | I28: NJ Out | J28: =ROUND(J27+D28/1000000-F28/1000000,0) -> 185 | L28: 2019 | M28: Q4 | N28: 191 | O28: 103 | P28: 109
A29: 2020 | B29: 1 | D29: =ROUND(C32/4,0) -> 18018526 | F29: =E28/2 -> 30898727 | J29: =ROUND(J28+D29/1000000-F29/1000000,0) -> 172 | L29: 2020 | M29: Q1 | N29: 178 | O29: 86 | P29: 99
A30: 2020 | B30: 2 | D30: =ROUND(C32/4,0) -> 18018526 | J30: =ROUND(J29+D30/1000000-F30/1000000,0) -> 190 | L30: 2020 | M30: Q2 | N30: 194 | O30: 92 | P30: 98
A31: 2020 | B31: 3 | D31: =ROUND(C32/4,0) -> 18018526 | J31: =ROUND(J30+D31/1000000-F31/1000000,0) -> 208 | L31: 2020 | M31: Q3 | N31: 212 | O31: 108 | P31: 121
A32: 2020 | B32: 4 | C32: ='RGGI Allowances'!U15 -> 72074105 | D32: =ROUND(C32/4,0) -> 18018526 | E32: =Emissions!H17 -> 76651859 | I32: NJ In | J32: =ROUND(J31+D32/1000000-F32/1000000,0) -> 226 | L32: 2020 | M32: Q4 | N32: 231 | O32: 155 | P32: 167
A33: 2021 | B33: 1 | D33: =ROUND(C36/4,0) -> 25444332 | F33: =F25+F29+E32 -> 1.4425186e+08 | J33: =ROUND(J32+D33/1000000-F33/1000000,0) -> 107 | L33: 2021 | M33: Q1 | N33: 118 | O33: 35 | P33: 39
A34: 2021 | B34: 2 | D34: =ROUND(C36/4,0) -> 25444332 | J34: =ROUND(J33+D34/1000000-F34/1000000,0) -> 132 | L34: 2021 | M34: Q2 | N34: 143 | O34: 52 | P34: 61
A35: 2021 | B35: 3 | D35: =ROUND(C36/4,0) -> 25444332 | J35: =ROUND(J34+D35/1000000-F35/1000000,0) -> 157 | L35: 2021 | M35: Q3 | N35: 166 | O35: 66 | P35: 75
A36: 2021 | B36: 4 | C36: ='RGGI Allowances'!U16 -> 101777329 | D36: =ROUND(C36/4,0) -> 25444332 | E36: =Emissions!H18 -> 1.0972186e+08 | I36: VA & NJ In | J36: =ROUND(J35+D36/1000000-F36/1000000,0) -> 182 | L36: 2021 | M36: Q4 | N36: 192 | O36: 90 | P36: 99
A37: 2022 | B37: 1 | D37: =ROUND(C40/4,0) -> 23791304 | F37: =E36/2 -> 54860928 | J37: =ROUND(J36+D37/1000000-F37/1000000,0) -> 151 | L37: 2022 | M37: Q1 | N37: 167 | O37: 70 | P37: 77
A38: 2022 | B38: 2 | D38: =ROUND(C40/4,0) -> 23791304 | J38: =ROUND(J37+D38/1000000-F38/1000000,0) -> 175 | L38: 2022 | M38: Q2 | N38: 189 | O38: 83 | P38: 92
A39: 2022 | B39: 3 | D39: =ROUND(C40/4,0) -> 23791304 | J39: =ROUND(J38+D39/1000000-F39/1000000,0) -> 199 | L39: 2022 | M39: Q3 | N39: 211 | O39: 108 | P39: 111
A40: 2022 | B40: 4 | C40: ='RGGI Allowances'!U17 -> 95165214 | D40: =ROUND(C40/4,0) -> 23791304 | E40: =Emissions!H19 -> 1.933869e+08 | I40: VA & NJ In | J40: =ROUND(J39+D40/1000000-F40/1000000,0) -> 223 | L40: 2022 | M40: Q4 | N40: 231 | O40: 143 | P40: 148
A41: 2023 | B41: 1 | D41: =ROUND(C44/4,0) -> 24659008 | F41: =E40/2 -> 96693450 | J41: =ROUND(J40+D41/1000000-F41/1000000,0) -> 151 | L41: 2023 | M41: Q1 | N41: 204 | O41: 119 | P41: 127
A42: 2023 | B42: 2 | D42: =ROUND(C44/4,0) -> 24659008 | J42: =ROUND(J41+D42/1000000-F42/1000000,0) -> 176 | L42: 2023 | M42: Q2 | N42: 227 | O42: 132 | P42: 140
A43: 2023 | B43: 3 | D43: =ROUND(C44/4,0) -> 24659008 | J43: =ROUND(J42+D43/1000000-F43/1000000,0) -> 201 | L43: 2023 | M43: Q3 | N43: 251 | O43: 152 | P43: 160
A44: 2023 | B44: 4 | C44: ='RGGI Allowances'!U18 -> 98636030 | D44: =ROUND(C44/4,0) -> 24659008 | E44: =Emissions!H20 -> 1.7769013e+08 | I44: VA & NJ In | J44: =ROUND(J43+D44/1000000-F44/1000000,0) -> 226 | L44: 2023 | M44: Q4 | N44: 278 | O44: 197 | P44: 205
A45: 2024 | B45: 1 | C45: ='RGGI Allowances'!U19 -> 60527845 | D45: =ROUND(C45/4,0) -> 15131961 | F45: =F37+F41+E44 -> 3.2924451e+08 | J45: =ROUND(J44+D45/1000000-F45/1000000,0) -> -88 | L45: 2024 | M45: Q1
A46: 2024 | B46: 2 | C46: ='RGGI Allowances'!U20 -> 0 | D46: =ROUND(C46/4,0) -> 0 | L46: 2024 | M46: Q2
A47: 2024 | B47: 3 | C47: ='RGGI Allowances'!U21 -> 0 | D47: =ROUND(C47/4,0) -> 0 | L47: 2024 | M47: Q3
A48: 2024 | B48: 4 | L48: 2024 | M48: Q4
D50: Input Allowances | E50: RGGI Allowances - Column T
D51: Emissions | E51: Emissions - Column G

Sheet Sheet1
B1: Third Adjustment for Banked Allowances Announcement | T1: he size of the CCR is 10% of the regional cap each year.
B2: https://www.rggi.org/sites/default/files/Uploads/Design-Archive/2016-Review/Adjustments/TABA_Announcement_2021-03-15.pdf
C3: 2021 | D3: 2022 | E3: 2023 | F3: 2024 | G3: 2025 | I3: Date | J3: Quantity Offered | K3: CCR Sold | L3: Quantity Sold | M3: Clearing Price | O3: Date | P3: Quantity | Q3: CCR | R3: Total | S3: Price
B4: Total State CO2 Allowance | I4: 43901 | J4: 16208347 | K4: 0 | L4: 16208347 | M4: 5.65 | O4: =I4 -> 43901 | P4: =ROUND(J4/1000000,1) -> 16.2 | Q4: =ROUND(K4/1000000,1) -> 0 | R4: =P4+Q4 -> 16.2 | S4: =M4 -> 5.65
B5: Base Budgets | C5: 119767784 | D5: 116112784 | E5: 112457784 | F5: 108802784 | G5: 105147784 | I5: 43985 | J5: 16336298 | K5: 0 | L5: 16336298 | M5: 5.75 | O5: =I5 -> 43985 | P5: =ROUND(J5/1000000,1) -> 16.3 | Q5: =ROUND(K5/1000000,1) -> 0 | R5: =P5+Q5 -> 16.3 | S5: =M5 -> 5.75
B6: Third Adjustment for Banked Allowances5 | C6: 19090330 | D6: 19090330 | E6: 19090330 | F6: 19090330 | G6: 19090330 | I6: 44076 | J6: 16192785 | K6: 0 | L6: 16192785 | M6: 6.82 | O6: =I6 -> 44076 | P6: =ROUND(J6/1000000,1) -> 16.2 | Q6: =ROUND(K6/1000000,1) -> 0 | R6: =P6+Q6 -> 16.2 | S6: =M6 -> 6.82
B7: Total State CO2 Allowance adjusted budget | C7: 100677454 | D7: 97022454 | E7: 93367454 | F7: 89712454 | G7: 86057454 | I7: 44167 | J7: 16237495 | K7: 0 | L7: 16237495 | M7: 7.41 | N7: =SUM(J4:J7) -> 64974925 | O7: =I7 -> 44167 | P7: =ROUND(J7/1000000,1) -> 16.2 | Q7: =ROUND(K7/1000000,1) -> 0 | R7: =P7+Q7 -> 16.2 | S7: =M7 -> 7.41
C8: =N11 -> 92487921 | D8: =N15 -> 88678968 | E8: =N19 -> 87588583 | F8: =F7*C11/C10 -> 82835508 | G8: =G7*C11/C10 -> 79460684 | I8: 44258 | J8: 23467261 | K8: 0 | L8: 23467261 | M8: 7.6 | O8: =I8 -> 44258 | P8: =ROUND(J8/1000000,1) -> 23.5 | Q8: =ROUND(K8/1000000,1) -> 0 | R8: =P8+Q8 -> 23.5 | S8: =M8 -> 7.6
I9: 44349 | J9: 22987719 | K9: 0 | L9: 22987719 | M9: 7.97 | O9: =I9 -> 44349 | P9: =ROUND(J9/1000000,1) -> 23 | Q9: =ROUND(K9/1000000,1) -> 0 | R9: =P9+Q9 -> 23 | S9: =M9 -> 7.97
C10: =SUM(C7:E7) -> 291067362 | I10: 44447 | J10: 22911423 | K10: 0 | L10: 22911423 | M10: 9.3 | O10: =I10 -> 44447 | P10: =ROUND(J10/1000000,1) -> 22.9 | Q10: =ROUND(K10/1000000,1) -> 0 | R10: =P10+Q10 -> 22.9 | S10: =M10 -> 9.3
C11: =SUM(C8:E8) -> 268755472 | I11: 44531 | J11: 23121518 | K11: 3919482 | L11: 27041000 | M11: 13 | N11: =SUM(J8:J11) -> 92487921 | O11: =I11 -> 44531 | P11: =ROUND(J11/1000000,1) -> 23.1 | Q11: =ROUND(K11/1000000,1) -> 3.9 | R11: =P11+Q11 -> 27 | S11: =M11 -> 13
I12: 44629 | J12: 21761269 | K12: 0 | L12: 21761269 | M12: 13.5 | O12: =I12 -> 44629 | P12: =ROUND(J12/1000000,1) -> 21.8 | Q12: =ROUND(K12/1000000,1) -> 0 | R12: =P12+Q12 -> 21.8 | S12: =M12 -> 13.5
I13: 44713 | J13: 22280473 | K13: 0 | L13: 22280473 | M13: 13.9 | O13: =I13 -> 44713 | P13: =ROUND(J13/1000000,1) -> 22.3 | Q13: =ROUND(K13/1000000,1) -> 0 | R13: =P13+Q13 -> 22.3 | S13: =M13 -> 13.9
I14: 44811 | J14: 22404023 | K14: 0 | L14: 22404023 | M14: 13.45 | O14: =I14 -> 44811 | P14: =ROUND(J14/1000000,1) -> 22.4 | Q14: =ROUND(K14/1000000,1) -> 0 | R14: =P14+Q14 -> 22.4 | S14: =M14 -> 13.45
I15: 44902 | J15: 22233203 | K15: 0 | L15: 22233203 | M15: 12.99 | N15: =SUM(J12:J15) -> 88678968 | O15: =I15 -> 44902 | P15: =ROUND(J15/1000000,1) -> 22.2 | Q15: =ROUND(K15/1000000,1) -> 0 | R15: =P15+Q15 -> 22.2 | S15: =M15 -> 12.99
I16: 44993 | J16: 21522877 | K16: 0 | L16: 21522877 | M16: 12.5 | O16: =I16 -> 44993 | P16: =ROUND(J16/1000000,1) -> 21.5 | Q16: =ROUND(K16/1000000,1) -> 0 | R16: =P16+Q16 -> 21.5 | S16: =M16 -> 12.5
I17: 45084 | J17: 22026639 | K17: 0 | L17: 22026639 | M17: 12.73 | O17: =I17 -> 45084 | P17: =ROUND(J17/1000000,1) -> 22 | Q17: =ROUND(K17/1000000,1) -> 0 | R17: =P17+Q17 -> 22 | S17: =M17 -> 12.73
I18: 45175 | J18: 21948358 | K18: 0 | L18: 21948358 | M18: 13.85 | O18: =I18 -> 45175 | P18: =ROUND(J18/1000000,1) -> 21.9 | Q18: =ROUND(K18/1000000,1) -> 0 | R18: =P18+Q18 -> 21.9 | S18: =M18 -> 13.85
I19: 45266 | J19: 22090709 | K19: 5565291 | L19: 27656000 | M19: 14.88 | N19: =SUM(J16:J19) -> 87588583 | O19: =I19 -> 45266 | P19: =ROUND(J19/1000000,1) -> 22.1 | Q19: =ROUND(K19/1000000,1) -> 5.6 | R19: =P19+Q19 -> 27.7 | S19: =M19 -> 14.88
I20: 45364 | J20: 15855879 | K20: 8416278 | L20: 24272157 | M20: 16 | O20: =I20 -> 45364 | P20: =ROUND(J20/1000000,1) -> 15.9 | Q20: =ROUND(K20/1000000,1) -> 8.4 | R20: =P20+Q20 -> 24.3 | S20: =M20 -> 16
I21: 45450 | J21: 16053188 | K21: =RGGI!E24 -> 0 | L21: =RGGI!F24 -> 16053188 | M21: =RGGI!G24 -> 21.03 | O21: =I21 -> 45450 | P21: =ROUND(J21/1000000,1) -> 16.1 | Q21: =ROUND(K21/1000000,1) -> 0 | R21: =P21+Q21 -> 16.1 | S21: =M21 -> 21.03
I22: 45539 | J22: 15943608 | K22: =RGGI!E25 -> 0 | L22: =RGGI!F25 -> 15943608 | M22: =RGGI!G25 -> 25.75 | O22: =I22 -> 45539 | P22: =ROUND(J22/1000000,1) -> 15.9 | Q22: =ROUND(K22/1000000,1) -> 0 | R22: =P22+Q22 -> 15.9 | S22: =M22 -> 25.75 | T22: =F8/1000000 -> 82.835508
O23: =O19+365 -> 45631 | P23: =P22 -> 15.9 | R23: =P23+Q23 -> 15.9
O24: =O20+365 -> 45729 | P24: =T27/4 -> 19.865171 | Q24: =T27*0.1 -> 7.9460684 | R24: =P24+Q24 -> 27.811239 | U24: =SUM(R21:R24) -> 75.711239
O25: =O21+365 -> 45815 | P25: =P24 -> 19.865171 | R25: =P25+Q25 -> 19.865171
O26: =O22+365 -> 45904 | P26: =P25 -> 19.865171 | R26: =P26+Q26 -> 19.865171
D27: Total State CO2 Allowance | E27: Base Budgets | O27: =O23+365 -> 45996 | P27: =P26 -> 19.865171 | R27: =P27+Q27 -> 19.865171 | T27: =G8/1000000 -> 79.460684
C28: 2021 | E28: 119767784 | F28: =E28/1000000 -> 119.76778 | O28: =O24+365 -> 46094 | P28: =T31/4 -> 25.373196 | R28: =P28+Q28 -> 25.373196 | U28: =SUM(R25:R28) -> 84.968709
C29: 2022 | E29: 116112784 | F29: =E29/1000000 -> 116.11278 | O29: =O25+365 -> 46180 | P29: =P28 -> 25.373196 | R29: =P29+Q29 -> 25.373196
C30: 2023 | E30: 112457784 | F30: =E30/1000000 -> 112.45778 | O30: =O26+365 -> 46269 | P30: =P29 -> 25.373196 | R30: =P30+Q30 -> 25.373196
C31: 2024 | E31: 108802784 | F31: =E31/1000000 -> 108.80278 | O31: =O27+365 -> 46361 | P31: =P30 -> 25.373196 | R31: =P31+Q31 -> 25.373196 | T31: =F33 -> 101.49278
C32: 2025 | E32: 105147784 | F32: =E32/1000000 -> 105.14778 | U32: =SUM(R29:R32) -> 76.119588
C33: 2026 | E33: =E32-3655000 -> 101492784 | F33: =E33/1000000 -> 101.49278
C34: 2027 | E34: =E33-3655000 -> 97837784 | F34: =E34/1000000 -> 97.837784
C35: 2028 | E35: =E34-3655000 -> 94182784 | F35: =E35/1000000 -> 94.182784
C36: 2029 | E36: =E35-3655000 -> 90527784 | F36: =E36/1000000 -> 90.527784
C37: 2030 | E37: =E36-3655000 -> 86872784 | F37: 86.9

Sheet Projections
A1: 2023 Distribution of CO2 Allowances | F1: Projected 2024 Distribution of CO2 Allowances | K1: Projected 2025 Distribution of CO2 Allowances | P1: Projected 2025 Distribution of CO2 Allowances
A2: https://www.rggi.org/sites/default/files/Uploads/Allowance-Tracking/2023_Allowance-Distribution.xlsx
A4: State | B4: Base Budget | C4: Adjustment | D4: Adjusted Budget | F4: State | G4: Base Budget | H4: Adjustment | I4: Adjusted Budget | K4: State | L4: Base Budget | M4: Adjustment | N4: Adjusted Budget | P4: State | Q4: Base Budget | R4: Adjustment | S4: Adjusted Budget
A5: Connecticut | B5: 4566218 | C5: 774787 | D5: 3791431 | F5: Connecticut | G5: =B5*E$19/D$19 -> 4417811 | H5: =C5*E$20/D$20 -> 774787 | I5: =D5*E$21/D$21 -> 3643010.1 | K5: Connecticut | L5: =G5*J$19/I$19 -> 4269403.9 | M5: 774787 | N5: =I5*J$21/I$21 -> 3494589.2 | P5: Connecticut | Q5: =L5-U5 -> 4120996.9 | U5: =G5-L5 -> 148407.04
A6: Delaware | B6: 3178264 | C6: 539282 | D6: 2638982 | F6: Delaware | G6: =B6*E$19/D$19 -> 3074967 | H6: =C6*E$20/D$20 -> 539282 | I6: =D6*E$21/D$21 -> 2535675.3 | K6: Delaware | L6: =G6*J$19/I$19 -> 2971669.9 | M6: 539282 | N6: =I6*J$21/I$21 -> 2432368.7 | P6: Delaware | Q6: =L6-U6 -> 2868372.9 | U6: =G6-L6 -> 103297.03
A7: Maine | B7: 2569587 | C7: 435697 | D7: 2133890 | F7: Maine | G7: =B7*E$19/D$19 -> 2486072.6 | H7: =C7*E$20/D$20 -> 435697 | I7: =D7*E$21/D$21 -> 2050355.9 | K7: Maine | L7: =G7*J$19/I$19 -> 2402558.3 | M7: 435697 | N7: =I7*J$21/I$21 -> 1966821.8 | P7: Maine | Q7: =L7-U7 -> 2319043.9 | U7: =G7-L7 -> 83514.366
A8: Maryland | B8: 15772679 | C8: 2676277 | D8: 13096402 | F8: Maryland | G8: =B8*E$19/D$19 -> 15260050 | H8: =C8*E$20/D$20 -> 2676277 | I8: =D8*E$21/D$21 -> 12583725 | K8: Maryland | L8: =G8*J$19/I$19 -> 14747421 | M8: 2676277 | N8: =I8*J$21/I$21 -> 12071048 | P8: Maryland | Q8: =L8-U8 -> 14234791 | U8: =G8-L8 -> 512629.18
A9: Massachusetts | B9: 11220454 | C9: 1903865 | D9: 9316589 | F9: Massachusetts | G9: =B9*E$19/D$19 -> 10855777 | H9: =C9*E$20/D$20 -> 1903865 | I9: =D9*E$21/D$21 -> 8951878.1 | K9: Massachusetts | L9: =G9*J$19/I$19 -> 10491100 | M9: 1903865 | N9: =I9*J$21/I$21 -> 8587167.1 | P9: Massachusetts | Q9: =L9-U9 -> 10126423 | U9: =G9-L9 -> 364676.93
A10: New Hampshire | B10: 3723549 | C10: 631362 | D10: 3092187 | F10: New Hampshire | G10: =B10*E$19/D$19 -> 3602529.6 | H10: =C10*E$20/D$20 -> 631362 | I10: =D10*E$21/D$21 -> 2971139 | K10: New Hampshire | L10: =G10*J$19/I$19 -> 3481510.2 | M10: 631362 | N10: =I10*J$21/I$21 -> 2850091 | P10: New Hampshire | Q10: =L10-U10 -> 3360490.9 | U10: =G10-L10 -> 121019.38
A11: New Jersey | B11: 16380000 | C11: 2783029 | D11: 13596971 | F11: New Jersey | G11: =B11*E$19/D$19 -> 15847632 | H11: =C11*E$20/D$20 -> 2783029 | I11: =D11*E$21/D$21 -> 13064698 | K11: New Jersey | L11: =G11*J$19/I$19 -> 15315264 | M11: 2783029 | N11: =I11*J$21/I$21 -> 12532426 | P11: New Jersey | Q11: =L11-U11 -> 14782897 | U11: =G11-L11 -> 532367.77
A12: New York | B12: 27295284 | C12: 4631411 | D12: 22663873 | F12: New York | G12: =B12*E$19/D$19 -> 26408158 | H12: =C12*E$20/D$20 -> 4631411 | I12: =D12*E$21/D$21 -> 21776664 | K12: New York | L12: =G12*J$19/I$19 -> 25521031 | M12: 4631411 | N12: =I12*J$21/I$21 -> 20889455 | P12: New York | Q12: =L12-U12 -> 24633905 | U12: =G12-L12 -> 887126.35
A13: Rhode Island | B13: 1763884 | C13: 299292 | D13: 1464592 | F13: Rhode Island | G13: =B13*E$19/D$19 -> 1706555.9 | H13: =C13*E$20/D$20 -> 299292 | I13: =D13*E$21/D$21 -> 1407258.5 | K13: Rhode Island | L13: =G13*J$19/I$19 -> 1649227.7 | M13: 299292 | N13: =I13*J$21/I$21 -> 1349925 | P13: Rhode Island | Q13: =L13-U13 -> 1591899.6 | U13: =G13-L13 -> 57328.144
A14: Vermont | B14: 507865 | C14: 86173 | D14: 421692 | F14: Vermont | G14: =B14*E$19/D$19 -> 491358.84 | H14: =C14*E$20/D$20 -> 86173 | I14: =D14*E$21/D$21 -> 405184.27 | K14: Vermont | L14: =G14*J$19/I$19 -> 474852.67 | M14: 86173 | N14: =I14*J$21/I$21 -> 388676.55 | P14: Vermont | Q14: =L14-U14 -> 458346.51 | U14: =G14-L14 -> 16506.164
A15: Virginia | B15: 25480000 | C15: 4329155 | D15: 21150845 | F15: Virginia | K15: Virginia | P15: Virginia | Q15: =L15-U15 -> 0 | U15: =G15-L15 -> 0
A16: Total | B16: =SUM(B5:B15) -> 112457784 | C16: =SUM(C5:C15) -> 19090330 | D16: =SUM(D5:D15) -> 93367454 | F16: Total | G16: =SUM(G5:G15) -> 84150912 | H16: =SUM(H5:H15) -> 14761175 | I16: =SUM(I5:I15) -> 69389589 | K16: Total | L16: =SUM(L5:L15) -> 81324039 | M16: =SUM(M5:M15) -> 14761175 | N16: =SUM(N5:N15) -> 66562568 | P16: Total | Q16: =L16-U16 -> 78497167 | U16: =G16-L16 -> 2826872.4
B18: 2021 | C18: 2022 | D18: 2023 | E18: 2024 | F18: 2025 | I18: 2024 | J18: 2025
A19: Base | B19: 119767784 | C19: 116112784 | D19: 112457784 | E19: 108802784 | F19: 105147784 | I19: 108802784 | J19: 105147784
A20: Adjustment | B20: 19090330 | C20: 19090330 | D20: 19090330 | E20: 19090330 | F20: 19090330 | I20: 19090330 | J20: 19090330
A21: Adjusted Budget | B21: 100677454 | C21: 97022454 | D21: 93367454 | E21: 89712454 | F21: 86057454 | I21: 89712454 | J21: 86057454
D23: =D16/4 -> 23341864 | I23: =I16/4 -> 17347397
D24: 21522877 | I24: 15855879
U25: Projected
U26: Allowances
P27: Auction 51 | Q27: 44258 | R27: 23467261 | S27: 100677454 | T27: =R27/S27 -> 0.23309351
P28: Auction 52 | Q28: 44349 | R28: 22987719 | S28: 100677454 | T28: =R28/S28 -> 0.22833036
P29: Auction 53 | Q29: 44447 | R29: 22911423 | S29: 100677454 | T29: =R29/S29 -> 0.22757253
P30: Auction 54 | Q30: 44531 | R30: 23121518 | S30: 100677454 | T30: =R30/S30 -> 0.22965934
P31: Auction 55 | Q31: 44629 | R31: 21761269 | S31: 97022454 | T31: =R31/S31 -> 0.22429106
P32: Auction 56 | Q32: 44713 | R32: 22280473 | S32: 97022454 | T32: =R32/S32 -> 0.22964244
P33: Auction 57 | Q33: 44811 | R33: 22404023 | S33: 97022454 | T33: =R33/S33 -> 0.23091586
P34: Auction 58 | Q34: 44902 | R34: 22233203 | S34: 97022454 | T34: =R34/S34 -> 0.22915523
P35: Auction 59 | Q35: 44993 | R35: 21522877 | S35: 93367454 | T35: =R35/S35 -> 0.23051798
P36: Auction 60 | Q36: 45084 | R36: 22026639 | S36: 93367454 | T36: =R36/S36 -> 0.23591346
P37: Auction 61 | Q37: 45175 | R37: 21948358 | S37: 93367454 | T37: =R37/S37 -> 0.23507504
P38: Auction 62 | Q38: 45266 | R38: 22090709 | S38: 93367454 | T38: =R38/S38 -> 0.23659967 | V38: =SUM(R35:R38) -> 87588583
P39: Auction 63 | Q39: 45364 | R39: 15855879 | S39: 69389589 | T39: =AVERAGE(T27,T31,T35) -> 0.22930085 | U39: =R39 -> 15855879
P40: Auction 64 | Q40: 45450 | R40: 16053188 | S40: 69389589 | T40: =AVERAGE(T28,T32,T36) -> 0.23129542 | U40: =R40 -> 16053188
P41: Auction 65 | Q41: 45539 | R41: 15943608 | S41: 69389589 | T41: =AVERAGE(T29,T33,T37) -> 0.23118781 | U41: =R41 -> 15943608
P42: Auction 66 | Q42: Q4 - 2024 | S42: 69389589 | T42: =AVERAGE(T30,T34,T38) -> 0.23180475 | U42: =S42*T42 -> 16084836 | V42: =SUM(U39:U42) -> 63937511
P43: Auction 67 | Q43: Q1- 2025 | S43: 66562568 | T43: =T39 -> 0.22930085 | U43: =S43*T43 -> 15262853
P44: Auction 68 | Q44: Q2- 2025 | S44: 66562568 | T44: =T40 -> 0.23129542 | U44: =S44*T44 -> 15395617
P45: Auction 69 | Q45: Q3- 2025 | S45: 66562568 | T45: =T41 -> 0.23118781 | U45: =S45*T45 -> 15388454
P46: Auction 70 | Q46: Q4- 2025 | S46: 66562568 | T46: =T42 -> 0.23180475 | U46: =S46*T46 -> 15429519 | V46: =SUM(U43:U46) -> 61476444
P47: Auction 71 | Q47: Q1- 2026 | S47: 78497167 | T47: =T43 -> 0.22930085 | U47: =S47*T47 -> 17999467
P48: Auction 72 | Q48: Q2- 2026 | S48: 78497167 | T48: =T44 -> 0.23129542 | U48: =S48*T48 -> 18156035
P49: Auction 73 | Q49: Q3- 2026 | S49: 78497167 | T49: =T45 -> 0.23118781 | U49: =S49*T49 -> 18147588
P50: Auction 74 | Q50: Q4- 2026 | S50: 78497167 | T50: =T46 -> 0.23180475 | U50: =S50*T50 -> 18196016 | V50: =SUM(U47:U50) -> 72499106

Sheet Analysis
B4: Auction Results | E4: Potomac Secondary Market Report | L4: Market Monitor Auction Reports
D5: Allowances | E5: Allowances | F5: Compliance Entity | G5: Allowances for | H5: Compliance Entity | I5: % Allowances for | J5: Annual | K5: Allowance | L5: Compliance-Oriented | N5: Compliance-Oriented | O5: Allowances Held
A6: Auction | B6: Date | C6: Quantity Sold | D6: Added | E6: in Circulation | F6: Holdings | G6: Compliance Purposes | H6: % Holdings | I6: Compliance Purposes | J6: Emissions | K6: Obligation | L6: Purchase | M6: % | N6: Allowances in Circulation | O6: For Compliance
J7: 73 | K7: =J7/2 -> 36.5
J8: 62 | K8: =J8/2 -> 31
A9: Auction 47 | B9: 43901 | C9: 16208347 | D9: =ROUND(C9/1000000,1) -> 16.2 | E9: 178 | F9: 86 | G9: 99 | H9: 0.48314607 | I9: 0.55617978 | L9: =D9*I9 -> 9.0101124 | M9: 0.55 | N9: 0.47 | O9: 0.53
A10: Auction 48 | B10: 43985 | C10: 16336298 | D10: =ROUND(C10/1000000,1) -> 16.3 | E10: 194 | F10: 92 | G10: 98 | H10: 0.4742268 | I10: 0.50515464 | L10: =D10*I10 -> 8.2340206 | M10: 0.31 | N10: 0.47 | O10: 0.53
A11: Auction 49 | B11: 44076 | C11: 16192785 | D11: =ROUND(C11/1000000,1) -> 16.2 | E11: 212 | F11: 108 | G11: 121 | H11: 0.50943396 | I11: 0.57075472 | L11: =D11*I11 -> 9.2462264 | M11: 0.66 | N11: 0.51 | O11: 0.58
A12: Auction 50 | B12: 44167 | C12: 16237495 | D12: =ROUND(C12/1000000,1) -> 16.2 | E12: 231 | F12: 155 | G12: 167 | H12: 0.67099567 | I12: 0.72294372 | J12: 77 | K12: =K7+K8+J12 -> 144.5 | L12: =D12*I12 -> 11.711688 | M12: 0.64 | N12: 0.54 | O12: 0.6
A14: Auction 51 | B14: 44258 | C14: 23467261 | D14: =ROUND(C14/1000000,1) -> 23.5 | E14: 118 | F14: 35 | G14: 39 | H14: 0.29661017 | I14: 0.33050847 | M14: 0.42 | N14: 0.35 | O14: 0.43
A15: Auction 52 | B15: 44349 | C15: 22987719 | D15: =ROUND(C15/1000000,1) -> 23 | E15: 143 | F15: 52 | G15: 61 | H15: 0.36363636 | I15: 0.42657343 | M15: 0.56 | N15: 0.36 | O15: 0.43
A16: Auction 53 | B16: 44447 | C16: 22911423 | D16: =ROUND(C16/1000000,1) -> 22.9 | E16: 166 | F16: 66 | G16: 75 | H16: 0.39759036 | I16: 0.45180723 | M16: 0.5 | N16: 0.4 | O16: 0.46
A17: Auction 54 | B17: 44531 | C17: 27041000 | D17: =ROUND(C17/1000000,1) -> 27 | E17: 192 | F17: 90 | G17: 99 | H17: 0.46875 | I17: 0.515625 | M17: 0.67 | N17: 0.45 | O17: 0.5
J18: 110 | K18: =J18/2 -> 55
A19: Auction 55 | B19: 44629 | C19: 21761269 | D19: =ROUND(C19/1000000,1) -> 21.8 | E19: 167 | F19: 70 | G19: 77 | H19: 0.41916168 | I19: 0.46107784 | M19: 0.72 | N19: 0.39 | O19: 0.44
A20: Auction 56 | B20: 44713 | C20: 22280473 | D20: =ROUND(C20/1000000,1) -> 22.3 | E20: 189 | F20: 83 | G20: 92 | H20: 0.43915344 | I20: 0.48677249 | M20: 0.66 | N20: 0.44 | O20: 0.49
A21: Auction 57 | B21: 44811 | C21: 22404023 | D21: =ROUND(C21/1000000,1) -> 22.4 | E21: 211 | F21: 108 | G21: 111 | H21: 0.51184834 | I21: 0.52606635 | M21: 0.78 | N21: 0.5 | O21: 0.54
A22: Auction 58 | B22: 44902 | C22: 22233203 | D22: =ROUND(C22/1000000,1) -> 22.2 | E22: 231 | F22: 143 | G22: 148 | H22: 0.61904762 | I22: 0.64069264 | M22: 0.66 | N22: 0.53 | O22: 0.58
J23: 193 | K23: =J23/2 -> 96.5
A24: Auction 59 | B24: 44993 | C24: 21522877 | D24: =ROUND(C24/1000000,1) -> 21.5 | E24: 204 | F24: 119 | G24: 127 | H24: 0.58333333 | I24: 0.62254902 | M24: 0.73 | N24: 0.55 | O24: 0.6
A25: Auction 60 | B25: 45084 | C25: 22026639 | D25: =ROUND(C25/1000000,1) -> 22 | E25: 227 | F25: 132 | G25: 140 | H25: 0.5814978 | I25: 0.61674009 | M25: 0.5 | N25: 0.56 | O25: 0.6
A26: Auction 61 | B26: 45175 | C26: 21948358 | D26: =ROUND(C26/1000000,1) -> 21.9 | E26: 251 | F26: 152 | G26: 160 | H26: 0.60557769 | I26: 0.6374502 | M26: 0.6 | N26: 0.59 | O26: 0.62
A27: Auction 62 | B27: 45266 | C27: 27656000 | D27: =ROUND(C27/1000000,1) -> 27.7 | E27: 278 | F27: 197 | G27: 205 | H27: 0.70863309 | I27: 0.73741007 | M27: 0.62 | N27: 0.62 | O27: 0.65
E28: =E27-K28 -> 37.5 | J28: 178 | K28: =J28/2+K18+K23 -> 240.5
A29: Auction 63 | B29: 45364 | C29: 24272157 | D29: =ROUND(C29/1000000,1) -> 24.3 | E29: =D29+E28 -> 61.8 | M29: 0.35 | N29: 0.27 | O29: 0.31
N30: =E29*N29 -> 16.686 | O30: =E29*O29 -> 19.158
D31: 15.9 | E31: =D31+E29 -> 77.7
D32: 15.9 | E32: =D32+E31 -> 93.6
D33: 15.9 | E33: =D33+E32 -> 109.5

Sheet Emissions
B1: RGGI CO2 Emissions 2009 to 2023 | J1: 5Data\Emissions\New York Annual Emissions including fuel types 2009 - 2023.xlsx
J2: EPA CAMD for program type RGGI
B3: CO2 Emissions (tons) by Fuel Type and Year | J3: Heat Input (mmBtu) by Fuel Type and Year
C5: Coal | D5: Residual Oil | E5: Diesel Oil | F5: Natural Gas | G5: Other | H5: Total | K5: Coal | L5: Residual Oil | M5: Diesel Oil | N5: Natural Gas | O5: Other | P5: Total
B6: 2009 | C6: 63806505 | D6: 6567061.9 | E6: 1291952.2 | F6: 51282306 | G6: 935968.83 | H6: 1.2388379e+08 | J6: 2009 | K6: 6.109769e+08 | L6: 97537792 | M6: 20203952 | N6: 8.6066918e+08 | O6: 9800817.3 | P6: 1.5991886e+09
B7: 2010 | C7: 67765335 | D7: 8072392.3 | E7: 469274.96 | F7: 60173729 | G7: 899087.79 | H7: 1.3737982e+08 | J7: 2010 | K7: 6.5177285e+08 | L7: 1.2848779e+08 | M7: 6101059.2 | N7: 1.0106402e+09 | O7: 10525311 | P7: 1.8075272e+09
B8: 2011 | C8: 49689687 | D8: 5076067.2 | E8: 249129 | F8: 64969386 | G8: 1583182.7 | H8: 1.2156745e+08 | J8: 2011 | K8: 4.7480813e+08 | L8: 81259592 | M8: 3085585.4 | N8: 1.0923523e+09 | O8: 11404805 | P8: 1.6629104e+09
B9: 2012 | C9: 29079810 | D9: 6765424 | E9: 196040.36 | F9: 57126080 | G9: 1701751.8 | H9: 94869107 | J9: 2012 | K9: 2.7484514e+08 | L9: 1.1162068e+08 | M9: 2420504.8 | N9: 9.6078874e+08 | O9: 14670349 | P9: 1.3643454e+09
B10: 2013 | C10: 31755977 | D10: 4841711.6 | E10: 253712.79 | F10: 50624566 | G10: 693705.03 | H10: 88169673 | J10: 2013 | K10: 3.0142147e+08 | L10: 77253822 | M10: 3132600.9 | N10: 8.4943332e+08 | O10: 7022240.8 | P10: 1.2382635e+09
B11: 2014 | C11: 31047932 | D11: 5270099.4 | E11: 267119.86 | F11: 50319682 | G11: 1292852.4 | H11: 88197686 | J11: 2014 | K11: 2.9421434e+08 | L11: 80010402 | M11: 3301501.1 | N11: 8.4002984e+08 | O11: 12695198 | P11: 1.2302513e+09
B12: 2015 | C12: 23324775 | D12: 5323396.3 | E12: 166555.06 | F12: 54723207 | G12: 1231532.7 | H12: 84769466 | J12: 2015 | K12: 2.2045136e+08 | L12: 80611135 | M12: 2066851.3 | N12: 9.1527118e+08 | O12: 12235093 | P12: 1.2306356e+09
B13: 2016 | C13: 20961793 | D13: 2440790.8 | E13: 172280.28 | F13: 55883008 | G13: 1202626.3 | H13: 80660499 | J13: 2016 | K13: 1.9954625e+08 | L13: 39367731 | M13: 2136934.8 | N13: 9.3714827e+08 | O13: 11838520 | P13: 1.1900377e+09
B14: 2017 | C14: 13566687 | D14: 1256674 | E14: 112345.71 | F14: 50152104 | G14: 1154711.8 | H14: 66242523 | J14: 2017 | K14: 1.2749968e+08 | L14: 19260178 | M14: 1387897.6 | N14: 8.4105887e+08 | O14: 11057023 | P14: 1.0002636e+09
B15: 2018 | C15: 14519823 | D15: 2151926.1 | E15: 198096.88 | F15: 55373893 | G15: 1158810.8 | H15: 73402550 | J15: 2018 | K15: 1.3609493e+08 | L15: 31868360 | M15: 2444696.5 | N15: 9.2534023e+08 | O15: 11253829 | P15: 1.1070021e+09
B16: 2019 | C16: 8435602.3 | D16: 907388.29 | E16: 112121.27 | F16: 51336912 | G16: 1005429 | H16: 61797453 | J16: 2019 | K16: 79996795 | L16: 14683515 | M16: 1384489.6 | N16: 8.6233469e+08 | O16: 9742043.3 | P16: 9.6814153e+08
B17: 2020 | C17: 6323826.2 | D17: 425837.95 | E17: 242106.75 | F17: 68997058 | G17: 663030.75 | H17: 76651859 | J17: 2020 | K17: 61738042 | L17: 6644335.4 | M17: 3016300 | N17: 1.1604994e+09 | O17: 6447466 | P17: 1.2383456e+09
... B20: 2023 | C20: 22099341 | D20: 924942.32 | E20: 189902.49 | F20: 1.5432537e+08 | G20: 150572.34 | H20: 1.7769013e+08 | J20: 2023 | K20: 2.3253846e+08 | L20: 14338298 | M20: 2541221.6 | N20: 2.6058752e+09 | O20: 1457070.2 | P20: 2.8567503e+09
B22: Ten-State CO2 Emissions (tons) by Fuel Type and Year (includes NJ) | J22: Ten-State Heat Input (mmBtu) by Fuel Type and Year (includes NJ)
C24: Coal | D24: Residual Oil | E24: Diesel Oil | F24: Natural Gas | G24: Other | H24: Total | K24: Coal | L24: Residual Oil | M24: Diesel Oil | N24: Natural Gas | O24: Other | P24: Total
B25: 2009 | C25: =C50+C90 -> 63806505 | D25: =D50+D90 -> 6567061.9 | E25: =E50+E90 -> 1291952.2 | F25: =F50+F90 -> 51282306 | G25: =G50+G90 -> 935968.83 | H25: =H50+H90 -> 1.2388379e+08 | J25: 2009 | K25: 6.109769e+08 | L25: 97537792 | M25: 20203952 | N25: 8.6066918e+08 | O25: 9800817.3 | P25: 1.5991886e+09 | R25: NJ
B26: 2010 | C26: =C51+C91 -> 67765335 | D26: =D51+D91 -> 8072392.3 | E26: =E51+E91 -> 469274.96 | F26: =F51+F91 -> 60173729 | G26: =G51+G91 -> 899087.79 | H26: =H51+H91 -> 1.3737982e+08 | J26: 2010 | K26: 6.5177285e+08 | L26: 1.2848779e+08 | M26: 6101059.2 | N26: 1.0106402e+09 | O26: 10525311 | P26: 1.8075272e+09 | R26: NJ
B27: 2011 | C27: =C52+C92 -> 49689687 | D27: =D52+D92 -> 5076067.2 | E27: =E52+E92 -> 249129 | F27: =F52+F92 -> 64969386 | G27: =G52+G92 -> 1583182.7 | H27: =H52+H92 -> 1.2156745e+08 | J27: 2011 | K27: 4.7480813e+08 | L27: 81259592 | M27: 3085585.4 | N27: 1.0923523e+09 | O27: 11404805 | P27: 1.6629104e+09 | R27: NJ
B28: 2012 | C28: =C53+C93 -> 29079810 | D28: =D53+D93 -> 6765424 | E28: =E53+E93 -> 196040.36 | F28: =F53+F93 -> 57126080 | G28: =G53+G93 -> 1701751.8 | H28: =H53+H93 -> 94869107 | J28: 2012 | K28: 2.7484514e+08 | L28: 1.1162068e+08 | M28: 2420504.8 | N28: 9.6078874e+08 | O28: 14670349 | P28: 1.3643454e+09
B29: 2013 | C29: =C54+C94 -> 31755977 | D29: =D54+D94 -> 4841711.6 | E29: =E54+E94 -> 253712.79 | F29: =F54+F94 -> 50624566 | G29: =G54+G94 -> 693705.03 | H29: =H54+H94 -> 88169673 | J29: 2013 | K29: 3.0142147e+08 | L29: 77253822 | M29: 3132600.9 | N29: 8.4943332e+08 | O29: 7022240.8 | P29: 1.2382635e+09
B30: 2014 | C30: =C55+C95 -> 31047932 | D30: =D55+D95 -> 5270099.4 | E30: =E55+E95 -> 267119.86 | F30: =F55+F95 -> 50319682 | G30: =G55+G95 -> 1292852.4 | H30: =H55+H95 -> 88197686 | J30: 2014 | K30: 2.9421434e+08 | L30: 80010402 | M30: 3301501.1 | N30: 8.4002984e+08 | O30: 12695198 | P30: 1.2302513e+09
B31: 2015 | C31: =C56+C96 -> 23324775 | D31: =D56+D96 -> 5323396.3 | E31: =E56+E96 -> 166555.06 | F31: =F56+F96 -> 54723207 | G31: =G56+G96 -> 1231532.7 | H31: =H56+H96 -> 84769466 | J31: 2015 | K31: 2.2045136e+08 | L31: 80611135 | M31: 2066851.3 | N31: 9.1527118e+08 | O31: 12235093 | P31: 1.2306356e+09
B32: 2016 | C32: =C57+C97 -> 20961793 | D32: =D57+D97 -> 2440790.8 | E32: =E57+E97 -> 172280.28 | F32: =F57+F97 -> 55883008 | G32: =G57+G97 -> 1202626.3 | H32: =H57+H97 -> 80660499 | J32: 2016 | K32: 1.9954625e+08 | L32: 39367731 | M32: 2136934.8 | N32: 9.3714827e+08 | O32: 11838520 | P32: 1.1900377e+09
B33: 2017 | C33: =C58+C98 -> 13566687 | D33: =D58+D98 -> 1256674 | E33: =E58+E98 -> 112345.71 | F33: =F58+F98 -> 50152104 | G33: =G58+G98 -> 1154711.8 | H33: =H58+H98 -> 66242523 | J33: 2017 | K33: 1.2749968e+08 | L33: 19260178 | M33: 1387897.6 | N33: 8.4105887e+08 | O33: 11057023 | P33: 1.0002636e+09
B34: 2018 | C34: =C59+C99 -> 14519823 | D34: =D59+D99 -> 2151926.1 | E34: =E59+E99 -> 198096.88 | F34: =F59+F99 -> 55373893 | G34: =G59+G99 -> 1158810.8 | H34: =H59+H99 -> 73402550 | J34: 2018 | K34: 1.3609493e+08 | L34: 31868360 | M34: 2444696.5 | N34: 9.2534023e+08 | O34: 11253829 | P34: 1.1070021e+09
B35: 2019 | C35: =C60+C100 -> 8435602.3 | D35: =D60+D100 -> 907388.29 | E35: =E60+E100 -> 112121.27 | F35: =F60+F100 -> 51336912 | G35: =G60+G100 -> 1005429 | H35: =H60+H100 -> 61797453 | J35: 2019 | K35: 79996795 | L35: 14683515 | M35: 1384489.6 | N35: 8.6233469e+08 | O35: 9742043.3 | P35: 9.6814153e+08
B36: 2020 | C36: =C61+C101 -> 6323826.2 | D36: =D61+D101 -> 425837.95 | E36: =E61+E101 -> 242106.75 | F36: =F61+F101 -> 68997058 | G36: =G61+G101 -> 663030.75 | H36: =H61+H101 -> 76651859 | J36: 2020 | K36: 61738042 | L36: 6644335.4 | M36: 3016300 | N36: 1.1604994e+09 | O36: 6447466 | P36: 1.2383456e+09 | R36: NJ
B37: 2021 | C37: =C62+C102 -> 9498270.5 | D37: =D62+D102 -> 408081.51 | E37: =E62+E102 -> 222547.02 | F37: =F62+F102 -> 72364619 | G37: =G62+G102 -> 628951.8 | H37: =H62+H102 -> 83122470 | J37: 2021 | K37: 92700414 | L37: 6247219.9 | M37: 2950137.1 | N37: 1.2160115e+09 | O37: 6013494.8 | P37: 1.3239228e+09 | R37: NJ
B38: 2022 | C38: =C63+C103 -> 6766792.5 | D38: =D63+D103 -> 1334731.3 | E38: =E63+E103 -> 234174.11 | F38: =F63+F103 -> 77089508 | G38: =G63+G103 -> 527034.69 | H38: =H63+H103 -> 85952240 | J38: 2022 | K38: 65966787 | L38: 17776839 | M38: 3175556.3 | N38: 1.2911687e+09 | O38: 5038243.5 | P38: 1.3831262e+09 | R38: NJ
B39: 2023 | C39: =C64+C104 -> 2498349.3 | D39: =D64+D104 -> 500171.76 | E39: =E64+E104 -> 159147.55 | F39: =F64+F104 -> 76076812 | G39: =G64+G104 -> 150572.34 | H39: =H64+H104 -> 79385052 | J39: 2023 | K39: 24353851 | L39: 7198482.4 | M39: 2162050.5 | N39: 1.2818788e+09 | O39: 1457070.2 | P39: 1.3170502e+09 | R39: NJ
C41: =C39 -> 2498349.3 | D41: =AVERAGE(D36,D37,D39) -> 444697.07 | E41: =AVERAGE(E37:E39) -> 205289.56 | F41: =AVERAGE(F37:F39) -> 75176979 | G41: =AVERAGE(G37:G39) -> 435519.61 | H41: =SUM(C41:G41) -> 78760835
B47: Nine-State CO2 Emissions (tons) by Fuel Type and Year (excludes NJ and VA)
C49: Coal | D49: Residual Oil | E49: Diesel Oil | F49: Natural Gas | G49: Other | H49: Total
B50: 2009 | C50: 57179173 | D50: 6509703.3 | E50: 1275500.4 | F50: 41624005 | G50: 935968.83 | H50: 1.0752435e+08
B51: 2010 | C51: 59630911 | D51: 7976029.7 | E51: 431673.66 | F51: 48597291 | G51: 899087.79 | H51: 1.1753499e+08
B52: 2011 | C52: 43825291 | D52: 4973158.6 | E52: 218447.9 | F52: 53405567 | G52: 1583182.7 | H52: 1.0400565e+08
B53: 2012 | C53: 29079810 | D53: 6765424 | E53: 196040.36 | F53: 57126080 | G53: 1701751.8 | H53: 94869107
B54: 2013 | C54: 31755977 | D54: 4841711.6 | E54: 253712.79 | F54: 50624566 | G54: 693705.03 | H54: 88169673
B55: 2014 | C55: 31047932 | D55: 5270099.4 | E55: 267119.86 | F55: 50319682 | G55: 1292852.4 | H55: 88197686
B56: 2015 | C56: 23324775 | D56: 5323396.3 | E56: 166555.06 | F56: 54723207 | G56: 1231532.7 | H56: 84769466
B57: 2016 | C57: 20961793 | D57: 2440790.8 | E57: 172280.28 | F57: 55883008 | G57: 1202626.3 | H57: 80660499
B58: 2017 | C58: 13566687 | D58: 1256674 | E58: 112345.71 | F58: 50152104 | G58: 1154711.8 | H58: 66242523
B59: 2018 | C59: 14519823 | D59: 2151926.1 | E59: 198096.88 | F59: 55373893 | G59: 1158810.8 | H59: 73402550
B60: 2019 | C60: 8435602.3 | D60: 907388.29 | E60: 112121.27 | F60: 51336912 | G60: 1005429 | H60: 61797453
B61: 2020 | C61: 4849387.9 | D61: 425837.95 | E61: 237378.35 | F61: 55592534 | G61: 663030.75 | H61: 61768169
... B64: 2023 | C64: 2498349.3 | D64: 500171.76 | E64: 155967.05 | F64: 61387254 | G64: 150572.34 | H64: 64692314
B67: State by State Emissions - RGGI only
B68: VA CO2 Emissions (tons) by Fuel Type and Year | H68: VA
C70: Coal | D70: Residual Oil | E70: Diesel Oil | F70: Natural Gas | G70: Other | H70: Total
B71: 2009 | C71: 0 | D71: 0 | E71: 0 | F71: 0 | G71: 0 | H71: 0
B72: 2010 | C72: 0 | D72: 0 | E72: 0 | F72: 0 | G72: 0 | H72: 0
B73: 2011 | C73: 0 | D73: 0 | E73: 0 | F73: 0 | G73: 0 | H73: 0
B74: 2012 | C74: 0 | D74: 0 | E74: 0 | F74: 0 | G74: 0 | H74: 0
B75: 2013 | C75: 0 | D75: 0 | E75: 0 | F75: 0 | G75: 0 | H75: 0
B76: 2014 | C76: 0 | D76: 0 | E76: 0 | F76: 0 | G76: 0 | H76: 0
B77: 2015 | C77: 0 | D77: 0 | E77: 0 | F77: 0 | G77: 0 | H77: 0
B78: 2016 | C78: 0 | D78: 0 | E78: 0 | F78: 0 | G78: 0 | H78: 0
B79: 2017 | C79: 0 | D79: 0 | E79: 0 | F79: 0 | G79: 0 | H79: 0
B80: 2018 | C80: 0 | D80: 0 | E80: 0 | F80: 0 | G80: 0 | H80: 0
B81: 2019 | C81: 0 | D81: 0 | E81: 0 | F81: 0 | G81: 0 | H81: 0
B82: 2020 | C82: 0 | D82: 0 | E82: 0 | F82: 0 | G82: 0 | H82: 0
... B85: 2023 | C85: 1728556.2 | D85: 1624.589 | E85: 24264.737 | F85: 21835442 | G85: 0 | H85: 23589888
B87: NJ CO2 Emissions (tons) by Fuel Type and Year | H87: NJ
C89: Coal | D89: Residual Oil | E89: Diesel Oil | F89: Natural Gas | G89: Other | H89: Total
B90: 2009 | C90: 6627331.6 | D90: 57358.566 | E90: 16451.8 | F90: 9658301.1 | G90: 0 | H90: 16359443
B91: 2010 | C91: 8134424.9 | D91: 96362.569 | E91: 37601.3 | F91: 11576438 | G91: 0 | H91: 19844827
B92: 2011 | C92: 5864396.4 | D92: 102908.6 | E92: 30681.1 | F92: 11563818 | G92: 0 | H92: 17561804
B93: 2012 | C93: 0 | D93: 0 | E93: 0 | F93: 0 | G93: 0 | H93: 0
B94: 2013 | C94: 0 | D94: 0 | E94: 0 | F94: 0 | G94: 0 | H94: 0
B95: 2014 | C95: 0 | D95: 0 | E95: 0 | F95: 0 | G95: 0 | H95: 0
B96: 2015 | C96: 0 | D96: 0 | E96: 0 | F96: 0 | G96: 0 | H96: 0
B97: 2016 | C97: 0 | D97: 0 | E97: 0 | F97: 0 | G97: 0 | H97: 0
B98: 2017 | C98: 0 | D98: 0 | E98: 0 | F98: 0 | G98: 0 | H98: 0
B99: 2018 | C99: 0 | D99: 0 | E99: 0 | F99: 0 | G99: 0 | H99: 0
B100: 2019 | C100: 0 | D100: 0 | E100: 0 | F100: 0 | G100: 0 | H100: 0
B101: 2020 | C101: 1474438.3 | D101: 0 | E101: 4728.4 | F101: 13404524 | G101: 0 | H101: 14883691
... B104: 2023 | C104: 0 | D104: 0 | E104: 3180.5 | F104: 14689558 | G104: 0 | H104: 14692738

Sheet WAG
B2: Ten-State RGGI Observed and Projected Emissions (M tons)
I3: Allowances | J3: Compliance Entity | K3: Allowances for
C4: Coal | D4: Residual Oil | E4: Diesel Oil | F4: Natural Gas | G4: Other | H4: Total | I4: in Circulation | J4: Holdings | K4: Compliance Purposes
B5: 2009 | C5: =Emissions!C25/1000000 -> 63.806505 | D5: =Emissions!D25/1000000 -> 6.5670619 | E5: =Emissions!E25/1000000 -> 1.2919522 | F5: =Emissions!F25/1000000 -> 51.282306 | G5: =Emissions!G25/1000000 -> 0.93596883 | H5: =SUM(C5:G5) -> 123.88379
B6: 2010 | C6: =Emissions!C26/1000000 -> 67.765335 | D6: =Emissions!D26/1000000 -> 8.0723923 | E6: =Emissions!E26/1000000 -> 0.46927496 | F6: =Emissions!F26/1000000 -> 60.173729 | G6: =Emissions!G26/1000000 -> 0.89908779 | H6: =SUM(C6:G6) -> 137.37982
B7: 2011 | C7: =Emissions!C27/1000000 -> 49.689687 | D7: =Emissions!D27/1000000 -> 5.0760672 | E7: =Emissions!E27/1000000 -> 0.249129 | F7: =Emissions!F27/1000000 -> 64.969386 | G7: =Emissions!G27/1000000 -> 1.5831827 | H7: =SUM(C7:G7) -> 121.56745
B8: 2012 | C8: =Emissions!C28/1000000 -> 29.07981 | D8: =Emissions!D28/1000000 -> 6.765424 | E8: =Emissions!E28/1000000 -> 0.19604036 | F8: =Emissions!F28/1000000 -> 57.12608 | G8: =Emissions!G28/1000000 -> 1.7017518 | H8: =SUM(C8:G8) -> 94.869107
B9: 2013 | C9: =Emissions!C29/1000000 -> 31.755977 | D9: =Emissions!D29/1000000 -> 4.8417116 | E9: =Emissions!E29/1000000 -> 0.25371279 | F9: =Emissions!F29/1000000 -> 50.624566 | G9: =Emissions!G29/1000000 -> 0.69370503 | H9: =SUM(C9:G9) -> 88.169673
B10: 2014 | C10: =Emissions!C30/1000000 -> 31.047932 | D10: =Emissions!D30/1000000 -> 5.2700994 | E10: =Emissions!E30/1000000 -> 0.26711986 | F10: =Emissions!F30/1000000 -> 50.319682 | G10: =Emissions!G30/1000000 -> 1.2928524 | H10: =SUM(C10:G10) -> 88.197686
B11: 2015 | C11: =Emissions!C31/1000000 -> 23.324775 | D11: =Emissions!D31/1000000 -> 5.3233963 | E11: =Emissions!E31/1000000 -> 0.16655506 | F11: =Emissions!F31/1000000 -> 54.723207 | G11: =Emissions!G31/1000000 -> 1.2315327 | H11: =SUM(C11:G11) -> 84.769466 | I11: =Tracking!N21 -> 125 | J11: =Tracking!O21 -> 44 | K11: =Tracking!P21 -> 59
B12: 2016 | C12: =Emissions!C32/1000000 -> 20.961793 | D12: =Emissions!D32/1000000 -> 2.4407908 | E12: =Emissions!E32/1000000 -> 0.17228028 | F12: =Emissions!F32/1000000 -> 55.883008 | G12: =Emissions!G32/1000000 -> 1.2026263 | H12: =SUM(C12:G12) -> 80.660499 | I12: =Tracking!N16 -> 234 | J12: =Tracking!O16 -> 142 | K12: =Tracking!P16 -> 144
B13: 2017 | C13: =Emissions!C33/1000000 -> 13.566687 | D13: =Emissions!D33/1000000 -> 1.256674 | E13: =Emissions!E33/1000000 -> 0.11234571 | F13: =Emissions!F33/1000000 -> 50.152104 | G13: =Emissions!G33/1000000 -> 1.1547118 | H13: =SUM(C13:G13) -> 66.242523 | I13: =Tracking!N20 -> 255 | J13: =Tracking!O20 -> 156 | K13: =Tracking!P20 -> 175
B14: 2018 | C14: =Emissions!C34/1000000 -> 14.519823 | D14: =Emissions!D34/1000000 -> 2.1519261 | E14: =Emissions!E34/1000000 -> 0.19809688 | F14: =Emissions!F34/1000000 -> 55.373893 | G14: =Emissions!G34/1000000 -> 1.1588108 | H14: =SUM(C14:G14) -> 73.40255 | I14: =Tracking!N24 -> 170 | J14: =Tracking!O24 -> 87 | K14: =Tracking!P24 -> 99
B15: 2019 | C15: =Emissions!C35/1000000 -> 8.4356023 | D15: =Emissions!D35/1000000 -> 0.90738829 | E15: =Emissions!E35/1000000 -> 0.11212127 | F15: =Emissions!F35/1000000 -> 51.336912 | G15: =Emissions!G35/1000000 -> 1.005429 | H15: =SUM(C15:G15) -> 61.797453 | I15: =Tracking!N28 -> 191 | J15: =Tracking!O28 -> 103 | K15: =Tracking!P28 -> 109
B16: 2020 | C16: =Emissions!C36/1000000 -> 6.3238262 | D16: =Emissions!D36/1000000 -> 0.42583795 | E16: =Emissions!E36/1000000 -> 0.24210675 | F16: =Emissions!F36/1000000 -> 68.997058 | G16: =Emissions!G36/1000000 -> 0.66303075 | H16: =SUM(C16:G16) -> 76.651859 | I16: =Tracking!N32 -> 231 | J16: =Tracking!O32 -> 155 | K16: =Tracking!P32 -> 167
B17: 2021 | C17: =Emissions!C37/1000000 -> 9.4982705 | D17: =Emissions!D37/1000000 -> 0.40808151 | E17: =Emissions!E37/1000000 -> 0.22254702 | F17: =Emissions!F37/1000000 -> 72.364619 | G17: =Emissions!G37/1000000 -> 0.6289518 | H17: =SUM(C17:G17) -> 83.12247 | I17: =Tracking!N36 -> 192 | J17: =Tracking!O36 -> 90 | K17: =Tracking!P36 -> 99
B18: 2022 | C18: =Emissions!C38/1000000 -> 6.7667925 | D18: =Emissions!D38/1000000 -> 1.3347313 | E18: =Emissions!E38/1000000 -> 0.23417411 | F18: =Emissions!F38/1000000 -> 77.089508 | G18: =Emissions!G38/1000000 -> 0.52703469 | H18: =SUM(C18:G18) -> 85.95224 | I18: =Tracking!N40 -> 231 | J18: =Tracking!O40 -> 143 | K18: =Tracking!P40 -> 148
B19: 2023 | C19: =Emissions!C39/1000000 -> 2.4983493 | D19: =Emissions!D39/1000000 -> 0.50017176 | E19: =Emissions!E39/1000000 -> 0.15914755 | F19: =Emissions!F39/1000000 -> 76.076812 | G19: =Emissions!G39/1000000 -> 0.15057234 | H19: =SUM(C19:G19) -> 79.385052 | I19: =Tracking!N44 -> 278 | J19: =Tracking!O44 -> 197 | K19: =Tracking!P44 -> 205
B20: 2024 | C20: =C19*0.67 -> 1.673894 | D20: =AVERAGE(D16,D17,D19) -> 0.44469707 | E20: =AVERAGE(E17:E19) -> 0.20528956 | F20: =AVERAGE(F17:F19) -> 75.176979 | G20: =AVERAGE(G17:G19) -> 0.43551961 | H20: =SUM(C20:G20) -> 77.93638 | I20: 108.9
B21: 2025 | C21: =C20*0.67 -> 1.121509 | D21: =D20 -> 0.44469707 | E21: =E20 -> 0.20528956 | F21: =F20 -> 75.176979 | G21: =G20 -> 0.43551961 | H21: =SUM(C21:G21) -> 77.383995 | I21: =I20+Sheet1!T27-H21*0.5 -> 149.66869
B22: 2026 | C22: =C21*0.67 -> 0.75141103 | D22: =D21 -> 0.44469707 | E22: =E21 -> 0.20528956 | F22: =F21 -> 75.176979 | G22: =G21 -> 0.43551961 | H22: =SUM(C22:G22) -> 77.013897 | I22: =I21+Sheet1!T31-H22-H21*0.5-H20*0.5 -> 96.487387

Sheet Report
B3: Allowances in circulation at end of 2023 before allowance reconciliation for the 3-year compliance period 2021-2023
B4: Potomac Economics Report on the Secondary Market for RGGI CO2 Allowances
A5: ='Potomac Report'!D43 -> 278 | C5: Allowances in circulation
A6: ='Potomac Report'!E43 -> 197 | C6: Compliance entity holdings
A7: ='Potomac Report'!F43 -> 205 | C7: Allowances for compliance purposes
B9: Compliance obligations for the 3-year compliance period 2021-2023
A10: =SUM(A11:A13) -> 330 | B10: EPA CAMD for program type RGGI
A11: =ROUND(Emissions!H18/2000000,0) -> 55 | C11: Half of 2021
A12: =ROUND(Emissions!H19/2000000,0) -> 97 | C12: Half of 2022 | D12: Potomac Economics Rpt on the 2ndry Market for RGGI CO2 Allowances | L12: Market Monitor Auction Reports
A13: =ROUND(Emissions!H20/1000000,0) -> 178 | C13: All of 2023 | D13: https://www.rggi.org/auctions/market-monitor-reports | L13: https://www.rggi.org/auctions/market-monitor-reports
D15: Year | E15: Quarter | F15: Allowances in Circulation | G15: Compliance Entity | I15: Allowances for | L15: Allowances Sold | M15: Compliance Entity | O15: Allowances for
G16: Holdings | I16: Compliance Purposes | M16: Holdings | O16: Compliance Purposes
G17: Million Tons | H17: % | I17: Million Tons | J17: % | M17: Million Tons | N17: % | O17: Million Tons | P17: % | R17: ='Potomac Report'!D31 -> 231
D18: ='Potomac Report'!B32 -> 2021 | E18: ='Potomac Report'!C32 -> Q1 | F18: ='Potomac Report'!D32 -> 118 | G18: ='Potomac Report'!E32 -> 35 | H18: =G18/F18 -> 0.29661017 | I18: ='Potomac Report'!F32 -> 39 | J18: =I18/F18 -> 0.33050847 | L18: =ROUND(RGGI!F11/1000000,0) -> 23 | N18: =RGGI!N11 -> 0.35 | P18: =RGGI!O11 -> 0.43
D19: ='Potomac Report'!B33 -> 2021 | E19: ='Potomac Report'!C33 -> Q2 | F19: ='Potomac Report'!D33 -> 143 | G19: ='Potomac Report'!E33 -> 52 | H19: =G19/F19 -> 0.36363636 | I19: ='Potomac Report'!F33 -> 61 | J19: =I19/F19 -> 0.42657343 | L19: =ROUND(RGGI!F12/1000000,0) -> 23 | N19: =RGGI!N12 -> 0.36 | P19: =RGGI!O12 -> 0.43
D20: ='Potomac Report'!B34 -> 2021 | E20: ='Potomac Report'!C34 -> Q3 | F20: ='Potomac Report'!D34 -> 166 | G20: ='Potomac Report'!E34 -> 66 | H20: =G20/F20 -> 0.39759036 | I20: ='Potomac Report'!F34 -> 75 | J20: =I20/F20 -> 0.45180723 | L20: =ROUND(RGGI!F13/1000000,0) -> 23 | N20: =RGGI!N13 -> 0.4 | P20: =RGGI!O13 -> 0.46
D21: ='Potomac Report'!B35 -> 2021 | E21: ='Potomac Report'!C35 -> Q4 | F21: ='Potomac Report'!D35 -> 192 | G21: ='Potomac Report'!E35 -> 90 | H21: =G21/F21 -> 0.46875 | I21: ='Potomac Report'!F35 -> 99 | J21: =I21/F21 -> 0.515625 | L21: =ROUND(RGGI!F14/1000000,0) -> 27 | N21: =RGGI!N14 -> 0.45 | P21: =RGGI!O14 -> 0.5
D22: ='Potomac Report'!B36 -> 2022 | E22: ='Potomac Report'!C36 -> Q1 | F22: ='Potomac Report'!D36 -> 167 | G22: ='Potomac Report'!E36 -> 70 | H22: =G22/F22 -> 0.41916168 | I22: ='Potomac Report'!F36 -> 77 | J22: =I22/F22 -> 0.46107784 | L22: =ROUND(RGGI!F15/1000000,0) -> 22 | N22: =RGGI!N15 -> 0.39 | P22: =RGGI!O15 -> 0.44
D23: ='Potomac Report'!B37 -> 2022 | E23: ='Potomac Report'!C37 -> Q2 | F23: ='Potomac Report'!D37 -> 189 | G23: ='Potomac Report'!E37 -> 83 | H23: =G23/F23 -> 0.43915344 | I23: ='Potomac Report'!F37 -> 92 | J23: =I23/F23 -> 0.48677249 | L23: =ROUND(RGGI!F16/1000000,0) -> 22 | N23: =RGGI!N16 -> 0.44 | P23: =RGGI!O16 -> 0.49
D24: ='Potomac Report'!B38 -> 2022 | E24: ='Potomac Report'!C38 -> Q3 | F24: ='Potomac Report'!D38 -> 211 | G24: ='Potomac Report'!E38 -> 108 | H24: =G24/F24 -> 0.51184834 | I24: ='Potomac Report'!F38 -> 111 | J24: =I24/F24 -> 0.52606635 | L24: =ROUND(RGGI!F17/1000000,0) -> 22 | N24: =RGGI!N17 -> 0.5 | P24: =RGGI!O17 -> 0.54
D25: ='Potomac Report'!B39 -> 2022 | E25: ='Potomac Report'!C39 -> Q4 | F25: ='Potomac Report'!D39 -> 231 | G25: ='Potomac Report'!E39 -> 143 | H25: =G25/F25 -> 0.61904762 | I25: ='Potomac Report'!F39 -> 148 | J25: =I25/F25 -> 0.64069264 | L25: =ROUND(RGGI!F18/1000000,0) -> 22 | N25: =RGGI!N18 -> 0.53 | P25: =RGGI!O18 -> 0.58
D26: ='Potomac Report'!B40 -> 2023 | E26: ='Potomac Report'!C40 -> Q1 | F26: ='Potomac Report'!D40 -> 204 | G26: ='Potomac Report'!E40 -> 119 | H26: =G26/F26 -> 0.58333333 | I26: ='Potomac Report'!F40 -> 127 | J26: =I26/F26 -> 0.62254902 | L26: =ROUND(RGGI!F19/1000000,0) -> 22 | N26: =RGGI!N19 -> 0.55 | P26: =RGGI!O19 -> 0.6
D27: ='Potomac Report'!B41 -> 2023 | E27: ='Potomac Report'!C41 -> Q2 | F27: ='Potomac Report'!D41 -> 227 | G27: ='Potomac Report'!E41 -> 132 | H27: =G27/F27 -> 0.5814978 | I27: ='Potomac Report'!F41 -> 140 | J27: =I27/F27 -> 0.61674009 | L27: =ROUND(RGGI!F20/1000000,0) -> 22 | N27: =RGGI!N20 -> 0.56 | P27: =RGGI!O20 -> 0.6
D28: ='Potomac Report'!B42 -> 2023 | E28: ='Potomac Report'!C42 -> Q3 | F28: ='Potomac Report'!D42 -> 251 | G28: ='Potomac Report'!E42 -> 152 | H28: =G28/F28 -> 0.60557769 | I28: ='Potomac Report'!F42 -> 160 | J28: =I28/F28 -> 0.6374502 | L28: =ROUND(RGGI!F21/1000000,0) -> 22 | N28: =RGGI!N21 -> 0.59 | P28: =RGGI!O21 -> 0.62
D29: ='Potomac Report'!B43 -> 2023 | E29: ='Potomac Report'!C43 -> Q4 | F29: ='Potomac Report'!D43 -> 278 | G29: ='Potomac Report'!E43 -> 197 | H29: =G29/F29 -> 0.70863309 | I29: ='Potomac Report'!F43 -> 205 | J29: =I29/F29 -> 0.73741007 | L29: =ROUND(RGGI!F22/1000000,0) -> 28 | N29: =RGGI!N22 -> 0.62 | P29: =RGGI!O22 -> 0.65
D30: ='Potomac Report'!B45 -> 2024 | E30: ='Potomac Report'!C45 -> Q1 | F30: 98 | G30: 28 | H30: =G30/F30 -> 0.28571429 | I30: 35 | J30: =I30/F30 -> 0.35714286 | N30: =RGGI!N23 -> 0.27 | P30: =RGGI!O23 -> 0.31
D31: ='Potomac Report'!B46 -> 2024 | E31: ='Potomac Report'!C46 -> Q2
D32: ='Potomac Report'!B47 -> 2024 | E32: ='Potomac Report'!C47 -> Q3

Sheet Potomac Report
B1: Potomac Economics Report on the Secondary Market for RGGI CO2 Allowances
B2: https://www.rggi.org/auctions/market-monitor-reports
B3: Quarterly Status of Allowances (millions)
D5: Allowances | E5: Compliance Entity | F5: Allowances for | H5: Compliance Entity | I5: % Allowances for
B6: Year | C6: Quarter | D6: in Circulation | E6: Holdings | F6: Compliance Purposes | H6: % Holdings | I6: Compliance Purposes | P6: Attempt to match using data
B7: 2014 | C7: Q4 | D7: 403 | H7: =E7/D7 -> 0 | I7: =F7/D7 -> 0
B8: 2015 | C8: Q1 | D8: 154 | H8: =E8/D8 -> 0 | I8: =F8/D8 -> 0
B9: 2015 | C9: Q2 | D9: 169 | H9: =E9/D9 -> 0 | I9: =F9/D9 -> 0 | R9: =D9-D8 -> 15
B10: 2015 | C10: Q3 | D10: 202 | E10: 130 | H10: =E10/D10 -> 0.64356436 | I10: =F10/D10 -> 0 | R10: =D10-D9 -> 33
B11: 2015 | C11: Q4 | D11: 213 | E11: 136 | H11: =E11/D11 -> 0.63849765 | I11: =F11/D11 -> 0 | P11: =Emissions!H12 -> 84769466 | Q11: =P11/2000000 -> 42.384733 | R11: =D11-D10 -> 11
B12: 2016 | C12: Q1 | D12: 186 | E12: 79 | F12: 95 | H12: =E12/D12 -> 0.42473118 | I12: =F12/D12 -> 0.51075269 | R12: =D12-D11 -> -27
B13: 2016 | C13: Q2 | D13: 203 | E13: 94 | F13: 112 | H13: =E13/D13 -> 0.46305419 | I13: =F13/D13 -> 0.55172414 | R13: =D13-D12 -> 17
B14: 2016 | C14: Q3 | D14: 219 | E14: 161 | F14: 131 | H14: =E14/D14 -> 0.73515982 | I14: =F14/D14 -> 0.59817352 | R14: =D14-D13 -> 16
B15: 2016 | C15: Q4 | D15: 234 | E15: 142 | F15: 144 | H15: =E15/D15 -> 0.60683761 | I15: =F15/D15 -> 0.61538462 | P15: =Emissions!H13 -> 80660499 | Q15: =P15/2000000 -> 40.330249 | R15: =D15-D14 -> 15
B16: 2017 | C16: Q1 | D16: 209 | E16: 112 | F16: 114 | H16: =E16/D16 -> 0.53588517 | I16: =F16/D16 -> 0.54545455 | R16: =D16-D15 -> -25
B17: 2017 | C17: Q2 | D17: 223 | E17: 122 | F17: 125 | H17: =E17/D17 -> 0.5470852 | I17: =F17/D17 -> 0.56053812 | R17: =D17-D16 -> 14
B18: 2017 | C18: Q3 | D18: 241 | E18: 132 | F18: 135 | H18: =E18/D18 -> 0.54771784 | I18: =F18/D18 -> 0.56016598 | R18: =D18-D17 -> 18
B19: 2017 | C19: Q4 | D19: 255 | E19: 156 | F19: 175 | H19: =E19/D19 -> 0.61176471 | I19: =F19/D19 -> 0.68627451 | P19: =Emissions!H14 -> 66242523 | Q19: =P19/2000000+Q11+Q15 -> 115.83624 | R19: =D19-D18 -> 14
B20: 2018 | C20: Q1 | D20: 125 | E20: 44 | F20: 59 | H20: =E20/D20 -> 0.352 | I20: =F20/D20 -> 0.472 | R20: =D20-D19 -> -130
B21: 2018 | C21: Q2 | D21: 139 | E21: 51 | F21: 64 | H21: =E21/D21 -> 0.36690647 | I21: =F21/D21 -> 0.46043165 | R21: =D21-D20 -> 14
B22: 2018 | C22: Q3 | D22: 155 | E22: 61 | F22: 72 | H22: =E22/D22 -> 0.39354839 | I22: =F22/D22 -> 0.46451613 | R22: =D22-D21 -> 16
B23: 2018 | C23: Q4 | D23: 170 | E23: 87 | F23: 99 | H23: =E23/D23 -> 0.51176471 | I23: =F23/D23 -> 0.58235294 | P23: =Emissions!H15 -> 73402550 | Q23: =P23/2000000 -> 36.701275 | R23: =D23-D22 -> 15
B24: 2019 | C24: Q1 | D24: 147 | E24: 66 | F24: 77 | H24: =E24/D24 -> 0.44897959 | I24: =F24/D24 -> 0.52380952 | R24: =D24-D23 -> -23
B25: 2019 | C25: Q2 | D25: 162 | E25: 75 | F25: 77 | H25: =E25/D25 -> 0.46296296 | I25: =F25/D25 -> 0.47530864 | R25: =D25-D24 -> 15
B26: 2019 | C26: Q3 | D26: 173 | E26: 87 | F26: 99 | H26: =E26/D26 -> 0.50289017 | I26: =F26/D26 -> 0.57225434 | R26: =D26-D25 -> 11
B27: 2019 | C27: Q4 | D27: 191 | E27: 103 | F27: 109 | H27: =E27/D27 -> 0.53926702 | I27: =F27/D27 -> 0.57068063 | P27: =Emissions!H16 -> 61797453 | Q27: =P27/2000000 -> 30.898727 | R27: =D27-D26 -> 18
B28: 2020 | C28: Q1 | D28: 178 | E28: 86 | F28: 99 | H28: =E28/D28 -> 0.48314607 | I28: =F28/D28 -> 0.55617978 | R28: =D28-D27 -> -13
B29: 2020 | C29: Q2 | D29: 194 | E29: 92 | F29: 98 | H29: =E29/D29 -> 0.4742268 | I29: =F29/D29 -> 0.50515464 | R29: =D29-D28 -> 16
B30: 2020 | C30: Q3 | D30: 212 | E30: 108 | F30: 121 | H30: =E30/D30 -> 0.50943396 | I30: =F30/D30 -> 0.57075472 | R30: =D30-D29 -> 18
B31: 2020 | C31: Q4 | D31: 231 | E31: 155 | F31: 167 | H31: =E31/D31 -> 0.67099567 | I31: =F31/D31 -> 0.72294372 | P31: =Emissions!H17 -> 76651859 | Q31: =P31/2000000+Q23+Q27 -> 105.92593 | R31: =D31-D30 -> 19
B32: 2021 | C32: Q1 | D32: 118 | E32: 35 | F32: 39 | H32: =E32/D32 -> 0.29661017 | I32: =F32/D32 -> 0.33050847 | R32: =D32-D31 -> -113
B33: 2021 | C33: Q2 | D33: 143 | E33: 52 | F33: 61 | H33: =E33/D33 -> 0.36363636 | I33: =F33/D33 -> 0.42657343 | R33: =D33-D32 -> 25
B34: 2021 | C34: Q3 | D34: 166 | E34: 66 | F34: 75 | H34: =E34/D34 -> 0.39759036 | I34: =F34/D34 -> 0.45180723 | R34: =D34-D33 -> 23
B35: 2021 | C35: Q4 | D35: 192 | E35: 90 | F35: 99 | H35: =E35/D35 -> 0.46875 | I35: =F35/D35 -> 0.515625 | P35: =Emissions!H18 -> 1.0972186e+08 | Q35: =P35/2000000 -> 54.860928 | R35: =D35-D34 -> 26
B36: 2022 | C36: Q1 | D36: 167 | E36: 70 | F36: 77 | H36: =E36/D36 -> 0.41916168 | I36: =F36/D36 -> 0.46107784 | R36: =D36-D35 -> -25
B37: 2022 | C37: Q2 | D37: 189 | E37: 83 | F37: 92 | H37: =E37/D37 -> 0.43915344 | I37: =F37/D37 -> 0.48677249 | R37: =D37-D36 -> 22
B38: 2022 | C38: Q3 | D38: 211 | E38: 108 | F38: 111 | H38: =E38/D38 -> 0.51184834 | I38: =F38/D38 -> 0.52606635 | R38: =D38-D37 -> 22
B39: 2022 | C39: Q4 | D39: 231 | E39: 143 | F39: 148 | H39: =E39/D39 -> 0.61904762 | I39: =F39/D39 -> 0.64069264 | P39: =Emissions!H19 -> 1.933869e+08 | Q39: =P39/2000000 -> 96.69345 | R39: =D39-D38 -> 20
B40: 2023 | C40: Q1 | D40: 204 | E40: 119 | F40: 127 | H40: =E40/D40 -> 0.58333333 | I40: =F40/D40 -> 0.62254902 | R40: =D40-D39 -> -27
B41: 2023 | C41: Q2 | D41: 227 | E41: 132 | F41: 140 | H41: =E41/D41 -> 0.5814978 | I41: =F41/D41 -> 0.61674009 | R41: =D41-D40 -> 23
B42: 2023 | C42: Q3 | D42: 251 | E42: 152 | F42: 160 | H42: =E42/D42 -> 0.60557769 | I42: =F42/D42 -> 0.6374502 | R42: =D42-D41 -> 24
B43: 2023 | C43: Q4 | D43: 278 | E43: 197 | F43: 205 | H43: =E43/D43 -> 0.70863309 | I43: =F43/D43 -> 0.73741007 | P43: =Emissions!H20 -> 1.7769013e+08 | Q43: =P43/2000000+Q35+Q39 -> 240.39944 | R43: =D43-D42 -> 27
B45: 2024 | C45: Q1 | D45: 98 | E45: 28 | F45: 35 | H45: =E45/D45 -> 0.28571429 | I45: =F45/D45 -> 0.35714286
B46: 2024 | C46: Q2
B47: 2024 | C47: Q3
B48: 2024 | C48: Q4

Sheet Annual Report
A1: Annual Report on the Market for RGGI CO2 Allowances
A2: https://www.rggi.org/auctions/market-monitor-reports
A4: Allowance Surrenders | E4: Interim compliance requirements whereby compliance entities are required to surrender CO2 allowances for 50 percent of their compliance obligations after the first two years of each three-year control period.
C6: Final | D6: Interim | E6: Report
A7: Year | B7: Emissions | C7: Surrender | D7: Surrender | E7: Year
A8: 2009 | B8: =ROUND(Emissions!H6/1000000,0) -> 124
A9: 2010 | B9: =ROUND(Emissions!H7/1000000,0) -> 137
A10: 2011 | B10: =ROUND(Emissions!H8/1000000,0) -> 122
A11: 2012 | B11: =ROUND(Emissions!H9/1000000,0) -> 95
A12: 2013 | B12: =ROUND(Emissions!H10/1000000,0) -> 88
A13: 2014 | B13: =ROUND(Emissions!H11/1000000,0) -> 88
A14: 2015 | B14: =ROUND(Emissions!H12/1000000,0) -> 85
A15: 2016 | B15: =ROUND(Emissions!H13/1000000,0) -> 81 | D15: 41 | E15: 2018 | F15: Approximately 41 million CO2 allowances were surrendered in March 2016 for 2015 third control period interim compliance
A16: 2017 | B16: =ROUND(Emissions!H14/1000000,0) -> 66 | D16: 40 | E16: 2018 | F16: approximately 40 million CO2 allowances were surrendered in March 2017 for 2016 third control period interim compliance,
A17: 2018 | B17: =ROUND(Emissions!H15/1000000,0) -> 73 | C17: 137 | E17: 2018 | F17: in June 2018, 137 million allowances were surrendered for compliance.
A18: 2019 | B18: =ROUND(Emissions!H16/1000000,0) -> 62 | D18: 64.9 | E18: 2019 | F18: In 2019, 35.4 million allowances were surrendered for fourth control period interim compliance
A19: 2020 | B19: =ROUND(Emissions!H17/1000000,0) -> 77 | D19: 64.9 | E19: 2020 | F19: In 2019 and 2020, 64.9 million allowances were surrendered for fourth control period interim compliance.
A20: 2021 | B20: =ROUND(Emissions!H18/1000000,0) -> 110 | D20: 54 | E20: 2021 | F20: compliance entities were obliged to surrender nearly 54 million allowances before the March 2022 deadline for 2021 interim compliance.
A21: 2022 | B21: =ROUND(Emissions!H19/1000000,0) -> 193 | D21: 55 | E21: 2022 | F21: compliance entities were obliged to surrender an additional 55 million allowances before the March 2023 deadline for 2022 interim compliance
A22: 2023 | B22: =ROUND(Emissions!H20/1000000,0) -> 178
E24: Period | F24: Emissions | G24: Allowances
E25: 3rd | F25: =B14+B15+B16 -> 232 | G25: =D15+D16+C17 -> 218
E26: 4th
E27: 5th

Sheet Potential Bidders
A1: Auction 63
A2: Anew Environmental, LLC
A3: Astoria Energy, LLC
A4: Caithness Long Island, LLC
A5: Calpine Energy Services, LP
A6: Canadian Imperial Bank of Commerce
A7: Carbon Lighthouse Association
A8: Castleton Commodities Merchant Trading, LP
A9: Citadel Energy Marketing LLC
A10: Clear Sky Enhanced Inflation Carbon Master Fund LP
A11: Consolidated Edison Comp. of NY, Inc.
A12: C onstellation Energy Generation, LLC
... A72: Cogen Technologies Linden Venture, L.P.

Sheet Compliance Entities
C3: % Allowances Sold | F3: Total After Settlement
C4: Current | D4: Cumulative | E4: Current | F4: Compliance- | G4: Held for | L4: Compliance-Oriented Entities are compliance entities that appear to acquire and hold allowances primarily to satisfy their compliance obligations.
A5: Auction | B5: Date | C5: Compliance | D5: Compliance | E5: Compliance-Oriented | F5: Oriented | G5: Compliance | L5: Investors with Compliance Obligations are firms that have compliance obligations but which hold a number of allowances that exceeds their estimated compliance obligations
A6: ='Old summary'!A37 -> 30 | B6: ='Old summary'!B37 -> 42342 | M6: by a margin suggesting they also buy for re-sale or some other investment purpose.
A7: ='Old summary'!A38 -> 31 | B7: ='Old summary'!B38 -> 42438 | M7: These firms often transfer significant quantities of allowances to unaffiliated firms
A8: ='Old summary'!A39 -> 32 | B8: ='Old summary'!B39 -> 42522 | L8: Investors without Compliance Obligations are firms without any compliance obligations.
A9: ='Old summary'!A40 -> 33 | B9: ='Old summary'!B40 -> 42620 | L9: Compliance Entities – All firms with compliance obligations, and their affiliates.
A10: ='Old summary'!A41 -> 34 | B10: ='Old summary'!B41 -> 42711 | L10: Investors – All firms which are assessed to be purchasing for investment rather than compliance purposes.
A11: ='Old summary'!A42 -> 35 | B11: ='Old summary'!B42 -> 42802
A12: ='Old summary'!A43 -> 36 | B12: ='Old summary'!B43 -> 42893 | K12: % Allowances Sold
A13: ='Old summary'!A44 -> 37 | B13: ='Old summary'!B44 -> 42984 | L13: Current Compliance
A14: ='Old summary'!A45 -> 38 | B14: ='Old summary'!B45 -> 43077 | M14: In Auction 47, Compliance Entities purchased 69 percent of the allowances sold.
A15: ='Old summary'!A46 -> 39 | B15: ='Old summary'!B46 -> 43175 | L15: Cumulative Compliance
A16: ='Old summary'!A47 -> 40 | B16: ='Old summary'!B47 -> 43264 | M16: In the first 47 RGGI auctions, Compliance Entities purchased 74 percent of the allowances sold.
A17: ='Old summary'!A48 -> 41 | B17: ='Old summary'!B48 -> 43348 | L17: Current Compliance-Oriented
A18: ='Old summary'!A49 -> 42 | B18: ='Old summary'!B49 -> 43439 | M18: In Auction 47, Compliance-Oriented Entities purchased 55 percent of the allowances sold.
A19: ='Old summary'!A50 -> 43 | B19: ='Old summary'!B50 -> 43537 | C19: 0.74 | D19: 0.74 | E19: 0.51 | F19: 0.45 | G19: 0.53 | K19: Total After Settlement
A20: ='Old summary'!A51 -> 44 | B20: ='Old summary'!B51 -> 43621 | C20: 0.47 | D20: 0.74 | E20: 0.38 | F20: 0.45 | G20: 0.52 | L20: Compliance-Oriented
A21: ='Old summary'!A52 -> 45 | B21: 43712 | C21: 0.67 | D21: 0.74 | E21: 0.61 | F21: 0.49 | G21: 0.55 | M21: Forty-seven percent of the allowances in circulation will be held by Compliance-Oriented Entities.
A22: ='Old summary'!A53 -> 46 | B22: 43803 | C22: 0.83 | D22: 0.74 | E22: 0.48 | F22: 0.48 | G22: 0.55 | L22: Held for Compliance
A23: ='Old summary'!A54 -> 47 | B23: 43901 | C23: 0.69 | D23: 0.74 | E23: 0.55 | F23: 0.47 | G23: 0.53 | M23: Fifty-three percent of the allowances in circulation are believed to be held for compliance purposes
A24: ='Old summary'!A55 -> 48 | B24: 43985 | C24: 0.62 | D24: 0.74 | E24: 0.31 | F24: 0.47 | G24: 0.53

Sheet Auction
A1: RGGI Allowance Prices and Volumes | D1: https://www.rggi.org/auctions/auction-results
A3: Auction | B3: Date | C3: Quantity Offered | D3: CCR Sold | E3: Quantity Sold | F3: Clearing Price | G3: Total Proceeds
A4: Auction 1 | B4: 39716 | C4: 12565387 | D4: -- | E4: 12565387 | F4: 3.07 | G4: 38575738
A5: Auction 2 | B5: 39799 | C5: 31505898 | D5: -- | E5: 31505898 | F5: 3.38 | G5: 1.0648994e+08
A6: Auction 3 | B6: 39890 | C6: 31513765 | D6: -- | E6: 31513765 | F6: 3.51 | G6: 1.1724863e+08
A7: Auction 3 (Future) | B7: 39890 | C7: 2175513 | D7: -- | E7: 2175513 | F7: 3.05 | G7: --
A8: Auction 4 | B8: 39981 | C8: 30887620 | D8: -- | E8: 30887620 | F8: 3.23 | G8: 104242445
A9: Auction 4 (Future) | B9: 39981 | C9: 2172540 | D9: -- | E9: 2172540 | F9: 2.06 | G9: --
A10: Auction 5 | B10: 40065 | C10: 28408945 | D10: -- | E10: 28408945 | F10: 2.19 | G10: 66278239
A11: Auction 5 (Future) | B11: 40065 | C11: 2172540 | D11: -- | E11: 2172540 | F11: 1.87 | G11: --
A12: Auction 6 | B12: 40149 | C12: 28591698 | D12: -- | E12: 28591698 | F12: 2.05 | G12: 61587121
A13: Auction 6 (Future) | B13: 40149 | C13: 2172540 | D13: -- | E13: 1599000 | F13: 1.86 | G13: --
A14: Auction 7 | B14: 40247 | C14: 40612408 | D14: -- | E14: 40612408 | F14: 2.07 | G14: 87956945
A15: Auction 7 (Future) | B15: 40247 | C15: 2137992 | D15: -- | E15: 2091000 | F15: 1.86 | G15: --
A16: Auction 8 | B16: 40338 | C16: 40685585 | D16: -- | E16: 40685585 | F16: 1.88 | G16: 80465567
A17: Auction 8 (Future) | B17: 40338 | C17: 2137993 | D17: -- | E17: 2137993 | F17: 1.86 | G17: --
A18: Auction 9 | B18: 40429 | C18: 45595968 | D18: -- | E18: 34407000 | F18: 1.86 | G18: 66437340
A19: Auction 9 (Future) | B19: 40429 | C19: 2137992 | D19: -- | E19: 1312000 | F19: 1.86 | G19: --
A20: Auction 10 | B20: 40513 | C20: 43173648 | D20: -- | E20: 24755000 | F20: 1.86 | G20: 48224220
A21: Auction 10 (Future) | B21: 40513 | C21: 2137991 | D21: -- | E21: 1172000 | F21: 1.86 | G21: --
A22: Auction 11 | B22: 40611 | C22: 41995813 | D22: -- | E22: 41995813 | F22: 1.89 | G22: 83425588
A23: Auction 11 (Future) | B23: 40611 | C23: 2144710 | D23: -- | E23: 2144710 | F23: 1.89 | G23: --
A24: Auction 12 | B24: 40702 | C24: 42034184 | D24: -- | E24: 12537000 | F24: 1.89 | G24: 25477200
A25: Auction 12 (Future) | B25: 40702 | C25: 1864952 | D25: -- | E25: 943000 | F25: 1.89 | G25: --
A26: Auction 13 | B26: 40793 | C26: 42189685 | D26: -- | E26: 7487000 | F26: 1.89 | G26: 14150430
A27: Auction 13 (Future) | B27: 40793 | C27: 1864951 | D27: -- | E27: 0 | F27: -- | G27: --
A28: Auction 14 | B28: 40884 | C28: 42983482 | D28: -- | E28: 27293000 | F28: 1.89 | G28: 51583770
A29: Auction 14 (Future) | B29: 40884 | C29: 1864951 | D29: -- | E29: 0 | F29: -- | G29: --
A30: Auction 15 | B30: 40982 | C30: 34843858 | D30: -- | E30: 21559000 | F30: 1.93 | G30: 41608870
A31: Auction 16 | B31: 41066 | C31: 36426008 | D31: -- | E31: 20941000 | F31: 1.93 | G31: 40416130
A32: Auction 17 | B32: 41157 | C32: 37949558 | D32: -- | E32: 24589000 | F32: 1.93 | G32: 47456770
A33: Auction 18 | B33: 41248 | C33: 37563083 | D33: -- | E33: 19774000 | F33: 1.93 | G33: 38163820
A34: Auction 19 | B34: 41346 | C34: 37835405 | D34: -- | E34: 37835405 | F34: 2.8 | G34: 105939134
A35: Auction 20 | B35: 41430 | C35: 38782076 | D35: -- | E35: 38782076 | F35: 3.21 | G35: 1.2449046e+08
A36: Auction 21 | B36: 41521 | C36: 38409043 | D36: -- | E36: 38409043 | F36: 2.67 | G36: 1.0255214e+08
A37: Auction 22 | B37: 41612 | C37: 38329378 | D37: -- | E37: 38329378 | F37: 3 | G37: 114988134
A38: Auction 23 | B38: 41703 | C38: 18491350 | D38: 5000000 | E38: 23491350 | F38: 4 | G38: 93965400
A39: Auction 24 | B39: 41794 | C39: 18062384 | D39: 0 | E39: 18062384 | F39: 5.02 | G39: 90673168
A40: Auction 25 | B40: 41885 | C40: 17998687 | D40: 0 | E40: 17998687 | F40: 4.88 | G40: 87833593
A41: Auction 26 | B41: 41976 | C41: 18198685 | D41: 0 | E41: 18198685 | F41: 5.21 | G41: 94815149
A42: Auction 27 | B42: 42074 | C42: 15272670 | D42: 0 | E42: 15272670 | F42: 5.41 | G42: 82625145
A43: Auction 28 | B43: 42158 | C43: 15507571 | D43: 0 | E43: 15507571 | F43: 5.5 | G43: 85291640
A44: Auction 29 | B44: 42256 | C44: 15374294 | D44: 10000000 | E44: 25374294 | F44: 6.02 | G44: 1.5275325e+08
A45: Auction 30 | B45: 42340 | C45: 15374274 | D45: 0 | E45: 15374274 | F45: 7.5 | G45: 115307055
A46: Auction 31 | B46: 42438 | C46: 14838732 | D46: 0 | E46: 14838732 | F46: 5.25 | G46: 77903343
A47: Auction 32 | B47: 42522 | C47: 15089652 | D47: 0 | E47: 15089652 | F47: 4.53 | G47: 68356124
A48: Auction 33 | B48: 42620 | C48: 14911315 | D48: 0 | E48: 14911315 | F48: 4.54 | G48: 67697370
A49: Auction 34 | B49: 42711 | C49: 14791315 | D49: 0 | E49: 14791315 | F49: 3.55 | G49: 52509168
... A61: Auction 46 | B61: 43803 | C61: 13116444 | D61: 0 | E61: 13116444 | F61: 5.61 | G61: 73583251
A62: Auction 47 | B62: 43901 | C62: 16208347 | D62: 0 | E62: 16208347 | F62: 5.65 | G62: 91577161 | K62: 16.192785
A63: Auction 48 | B63: 43985 | C63: 16336298 | D63: 0 | E63: 16336298 | F63: 5.75 | G63: 93933714 | K63: 16.237495
A64: Auction 49 | B64: 44076 | C64: 16192785 | E64: =C64 -> 16192785 | F64: 6.82 | G64: 1.1031984e+08
A65: Auction 50 | B65: 44167 | C65: 16237495 | E65: =C65 -> 16237495 | F65: 7.41 | G65: 1.2031984e+08
A66: Auction 51 | B66: 44258
A67: Auction 52
A68: Auction 53
A69: Auction 54
A70: Auction 55
A71: Auction 56
A72: Auction 57
A73: Auction 58
A74: Auction 59
A75: Auction 60
A76: Auction 61
A77: Auction 62
A78: Auction 63
A79: Auction 64

Sheet CCR
A1: Summary of Cost Containment Reserve
A3: Auction | B3: Date
A4: 1
A5: 2
A6: 3
A7: 4
A8: 5
A9: 6
A10: 7
A11: 8
A12: 9
A13: 10
A14: 11
A15: 12
A16: 13
A17: 14 | B17: 40886
A18: 15 | B18: 40982
A19: 16 | B19: 41066
A20: 17 | B20: 41157
A21: 18 | B21: 41248
A22: 19 | B22: 41346
A23: 20 | B23: 41430
A24: 21 | B24: 41521
A25: 22 | B25: 41612
A26: 23 | B26: 41705 | C26: The Cost Containment Reserve (“CCR”) was used for the first time in Auction 23. The demand
A27: 24 | B27: 41794 | C27: for CO2 allowances from bids submitted above the CCR Trigger Price of $4.00 exceeded the
A28: 25 | B28: 41887 | C28: Initial Offering of 18,491,350 allowances and was sufficient to purchase all 5 million 2014 CCR
A29: 26 | B29: 41978 | C29: allowances. After the CCR was exhausted, the auction cleared at a price of $4.00 per ton. There
A30: 27 | B30: 42076 | C30: are no other CCR allowances available for sale in 2014.
A31: 28 | B31: 42160
A32: 29 | B32: 42258 | C32: The Cost Containment Reserve (“CCR”) for 2015 was used for the first time in Auction 29. The
A33: 30 | B33: 42342 | C33: demand for CO2 allowances from bids submitted above the 2015 CCR Trigger Price of $6.00
A34: 31 | C34: exceeded the Initial Offering of 15,374,294 allowances and was sufficient to purchase all 10
A35: 32 | C35: million 2015 CCR allowances. After the CCR was exhausted, the auction cleared at a price of
A36: 33 | C36: $6.02 per ton. There are no other CCR allowances available for sale in 2015.
A37: 34
A38: 35
A39: 36
A40: 37

Sheet HHI Comparison
A1: Market Monitoring Report 15, March 5, 2012 HHI = 2138
A25: Market Monitoring Report 21, September 4, 2013, HHI = 635
A49: Market Monitoring Report, 23, March 7, 2014
A73: Market Monitoring Report, 24, June 4, 2014
A97: Market Monitoring Report, 25, September 5, 2014
A123: Market Monitoring Report, 26, December 5, 2014

Sheet Available Alowances
A1: Second Control Period Status
A3: 2012 & 2013 Combined | C3: 41528
B6: Allowance | C6: Offered at | D6: Allowances | E6: Available
A7: State | B7: Budget | C7: Auction | D7: Auctioned | E7: Allowances
A8: Connecticut | B8: 21390072 | C8: 18303729 | D8: 14213425 | E8: 14343714
A9: Delaware | B9: 15119574 | C9: 9964009 | D9: 7815355 | E9: 9339893
A10: Maine | B10: 11897804 | C10: 8938234 | D10: 6900704 | E10: 6900704
A11: Maryland | B11: 75007966 | C11: 63759246 | D11: 49912622 | E11: 49912622
A12: Massachusetts | B12: 53320408 | C12: 46613610 | D12: 36051977 | E12: 36426977
A13: New Hampshire | B13: 17240920 | C13: 12417637 | D13: 9626911 | E13: 12626911
A14: New York | B14: 128621610 | C14: 106726147 | D14: 82406127 | E14: 83906127
A15: Rhode Island | B15: 5318478 | C15: 4640040 | D15: 3582621 | E15: 3582621
A16: Vermont | B16: 2451660 | C16: 2138920 | D16: 1651482 | E16: 1651482
A17: Total | B17: 330368492 | C17: 273501572 | D17: 212161224 | E17: 218691051 | G17: Allowances in market available for use
E18: =E$17*F18 -> 1.6839211e+08 | F18: ='Old summary'!K29 -> 0.77 | G18: Allowances in compliance accounts
E19: =E$17*F19 -> 50298942 | F19: =1-F18 -> 0.23 | G19: Allowances in non-compliance entity accounts
E21: 1.6227645e+08 | G21: Emissions through Q3 2013
E22: =E18-E21 -> 6115659.7 | G22: Compliance Entity Margin
E24: 1.8494357e+08 | G24: Emissions through Q3 2013 with guess for Q4 emissions
E25: =E18-E24 -> -16551465 | G25: Compliance Entity Margin
